 Dungeon Crawl Stone Soup version 0.29.1 (webtiles) character file.

Game seed: 16736187569540070119

529847 qw the Invulnerable (level 24, -9/224 HPs)
             Began as a Minotaur Berserker on Sept 13, 2022.
             Was an Elder of Trog.
             Mangled by an Orb Guardian (17 damage)
             ... on level 5 of the Realm of Zot.
             The game lasted 00:27:55 (68877 turns).

qw the Invulnerable (Minotaur Berserker)           Turns: 68877, Time: 00:27:56

Health: -9/224     AC: 47    Str: 34    XL:     24   Next: 38%
Magic:  0/22       EV: 15    Int:  6    God:    Trog [****..]
Gold:   5453       SH:  0    Dex: 19    Spells: 23/23 levels left

rFire   + + .      SeeInvis +   F - +9 broad axe (protect)
rCold   + + .      Faith    .   B - +2 kite shield {AC+3}
rNeg    . . .      Spirit   .   e - +8 gold dragon scales
rPois   +          Reflect  +   c - +0 hat of Xom's Benevolence {rPois rC+ Int-3 Dex+2}
rElec   .          Harm     .   D - +1 cloak of Starlight {*Dazzle EV+4 Stlth--}
rCorr   +          Rampage  inf a - +1 pair of gloves of Least Resistance {Dex+7}
Will    +....                   x - +3 pair of seven-league boots {Rampage+∞}
Stlth   ..........              r - amulet "Xubleel" {Reflect Contam rF+ Int+4 SH+5}
HPRegen 0.47/turn               t - ring of the Octopus King {rCorr HP+2 AC+2 EV+2 SH+2}
MPRegen 0.18/turn               v - ring "Ran Wisk" {Str+4 Int+3 Slay+4 SInv}

@: lethally poisoned (-9 -> -16), about to teleport, marked, on berserk
cooldown, held, slowed, very slow
A: horns 2, retaliatory headbutt, hooves 1, iridescent scales 1, deformed body,
dopey 1, frail 1, screaming 1, weak 2, no potion heal 1, MP-powered wands
}: 3/15 runes: barnacled, silver, gossamer
a: Renounce Religion, Berserk, Trog's Hand, Brothers in Arms


You were on level 5 of the Realm of Zot.
You worshipped Trog.
Trog was greatly pleased with you.
You visited 8 branches of the dungeon, and saw 44 of its levels.
You visited 1 bazaar.
You also visited: Sewer and Gauntlet.

You collected 10406 gold pieces.
You spent 4953 gold pieces at shops.


Innate Abilities, Weirdness & Mutations

You have a pair of horns on your head.
You reflexively headbutt those who attack you in melee.
You have large cloven feet.
You are partially covered in iridescent scales. (AC +2)
Armour fits poorly on your strangely shaped body.
You are dopey. (Int -2)
You are frail. (-10% HP)
You occasionally shout uncontrollably at your foes.
You are very weak. (Str -4)
Potions are less effective at restoring your health.
You expend magic power (3 MP) to strengthen your wands.


   Skills:
 + Level 26.9 Fighting
 - Level 20.0 Axes
 - Level 15.0 Throwing
 O Level 27 Armour
 - Level 17.0 Dodging
 - Level 20.0 Shields
 + Level 4.2 Evocations


You had 23 spell levels left.
You didn't know any spells.
Your spell library was empty.

Inventory:

Hand Weapons
 F - a +9 broad axe of protection (weapon)
Missiles
 g - 36 boomerangs
 h - 6 silver boomerangs
 m - 9 boomerangs of dispersal
 s - 7 silver javelins (quivered)
 z - 5 javelins
Armour
 a - the +1 pair of gloves of Least Resistance (worn) {Dex+7}
   (You found it on level 3 of the Spider Nest)

   Dex:       It affects your dexterity (+7).
 c - the +0 hat of Xom's Benevolence (worn) {rPois rC+ Int-3 Dex+2}
   (You found it on level 4 of the Spider Nest)

   Int:       It affects your intelligence (-3).
   Dex:       It affects your dexterity (+2).
   rC:        It protects you from cold.
   rPois:     It protects you from poison.
 e - +8 gold dragon scales (worn)
 i - a scarf of resistance
 j - a +5 crystal plate armour
 p - a scarf of repulsion
 x - the +3 pair of seven-league boots (worn) {Rampage+∞}
   (You found it on level 5 of the Lair of Beasts)

   Its wearer moves as far as possible in that direction when moving towards
   enemies.
 B - a +2 kite shield of protection (worn)
 D - the +1 cloak of Starlight (worn) {*Dazzle EV+4 Stlth--}
   (You bought it in a shop on level 2 of the Orcish Mines)

   It may blind those who miss an attack against the wearer in melee combat.
   EV:        It affects your evasion (+4).
   Stlth:     It makes you much less stealthy.
Jewellery
 r - the amulet "Xubleel" (around neck) {Reflect Contam rF+ Int+4 SH+5}
   (You found it in a Gauntlet)

   [amulet of reflection]

   It reflects blocked missile attacks.
   Int:       It affects your intelligence (+4).
   rF:        It protects you from fire.
   Contam:    It causes magical contamination when unequipped.
   SH:        It affects your SH (+5).
 t - a ring of the Octopus King (left hand) {rCorr HP+2 AC+2 EV+2 SH+2}
   (You found it on level 5 of the Lair of Beasts)

   [ring of resist corrosion]

   AC:        It affects your AC (+2).
   EV:        It affects your evasion (+2).
   HP:        It affects your health (+2).
   rCorr:     It protects you from acid and corrosion.
   SH:        It affects your SH (+2).
 u - a ring of protection from fire
 v - the ring "Ran Wisk" (right hand) {Str+4 Int+3 Slay+4 SInv}
   (You took it off a yaktaur captain on level 5 of the Vaults)

   [ring of slaying]

   Str:       It affects your strength (+4).
   Int:       It affects your intelligence (+3).
   Slay:      It affects your accuracy & damage with ranged weapons and melee
   (+4).
   SInv:      It lets you see invisible.
Scrolls
 d - 20 scrolls of identify
 n - 2 scrolls of enchant weapon
 q - 10 scrolls of teleportation
Potions
 b - 9 potions of might
 f - 30 potions of curing
 k - 12 potions of mutation
 l - 14 potions of haste
 C - 5 potions of cancellation

Dungeon Overview and Level Annotations

Branches:
Dungeon (15/15)            Temple (0/1) D:7            Lair (5/5) D:11
 Shoals (4/4) Lair:2       Spider (4/4) Lair:2        Slime (0/5) Lair:4
    Orc (2/2) D:11            Elf (0/3) Orc:2        Vaults (5/5) D:14
  Crypt (0/3) Vaults:2     Depths (4/4) D:15            Zot (5/5) Depths:4
  Sewer (visited)         Gauntlet (visited)

Altars:
Fedhas
Kikubaaqudgha
Nemelex Xobeh
Sif Muna
Trog
Vehumet
Xom
The Shining One
Jiyva

Shops:
D:4 :   D:5 *   D:13 [   Orc:1 !   Orc:2 [(!(   Shoals:3 [   Vaults:1 *
Vaults:2 !   Vaults:4 [

Portals:
Hell: Depths:1 Depths:2 Depths:3 Depths:4
Abyss: Zot:1 Depths:1 Depths:3
Pandemonium: Depths:2
Ziggurat: Depths:4
Trove: Vaults:4 (give +2 gold dragon scales)

Annotations:
D:2 1 runed translucent door, Crazy Yiuf
D:4 Blork the orc
Lair:4 2 runed translucent doors, qw's ghost, journeyman MiBe
Shoals:4 3 runed translucent doors, qw's ghost, adept MiBe
Spider:1 3 runed translucent doors, qw's ghost, journeyman MiBe
Vaults:4 3 runed translucent doors, qw's ghost, adept MiBe
Zot:1 2 transporters, qw's ghost, veteran MiBe


Message History

The orb of fire emits a lurid red light.
Strange energies course through your body.
Your feet thicken and deform.
The Orb Guardian misses you. You furiously retaliate!
You headbutt the Orb Guardian, but do no damage.
You hear a loud "Zot"!
The Killer Klown pulls ten torches off its hat and starts juggling.
The Killer Klown blinks!
The Orb Guardian hits you!
The Orb Guardian hits you but does no damage.
The golden dragon bites you but does no damage.
The golden dragon misses you. The golden dragon closely misses you.
The reaper hits you but does no damage.
You are more poisoned.
The Orb Guardian hits you but does no damage.
The orb of fire glows red.
Strange energies course through your body.
The Orb Guardian hits you!!
You struggle against the net.
You feel very sick.
The orb of fire glows deep purple.
Strange energies course through your body.
You feel frail.
A tentacled monstrosity comes into view.
The golden dragon bites you but does no damage.
The golden dragon claws you but does no damage.
The golden dragon tramples you but does no damage.
The Orb Guardian hits you but does no damage.
The shadow demon gestures.
The Orb Guardian closely misses you.
The orb of fire glows deep purple.
Strange energies course through your body.
You feel your magical essence link to the dungeon's wands.
The reaper hits you but does no damage. The ghost moth stares at you.
The golden dragon barely misses you. x2
The golden dragon tramples you but does no damage.
A white draconian comes into view. It is wielding a +0 battleaxe.
The shadow demon gestures.
The Orb Guardian misses you. The Orb Guardian hits you!
You die...

.........# #......
.........# ##.^*.......
.....^..## #^..|.......
........# #....w.........
........## #...^..........
.........# #....X.p.......
.........## #...Dd2..^.....
...?......###.^XX*yd......^
########...###.*@*Xqd......
##....##**DDdX.X....


###.XLDXXX2DX^.d.D^ ##############... You could see 5 orbs of fire, a Killer
Klown, 2 tentacled monstrosities, an eldritch tentacle, 3 golden dragons, an
ancient lich, 2 storm dragons, a yellow draconian, 2 draconians, 2 draconians, a
purple draconian shifter, 8 Orb Guardians, a reaper, a ghost moth (invisible)
and a shadow demon (summoned).

Vanquished Creatures
  3 dread liches (Vaults:5)
  2 ancient liches
  Sojobo (Depths:4)
  Parghit (Zot:1)
  A caustic shrike (Depths:2)
  2 curse toes
  13 golden dragons
  A bone dragon (Depths:4)
  2 electric golems
  Rupert (D:15)
  16 tentacled monstrosities
  2 liches (Vaults:4)
  9 Orb Guardians (Zot:5)
  A deep elf master archer (Depths:3)
  4 titans
  A kraken (Shoals:3)
  A deep elf blademaster (Depths:3)
  2 quicksilver dragons
  10 death cobs
  3 sphinxes
  14 storm dragons
  A storm dragon (shapeshifter) (Depths:3)
  12 tengu reavers
  Donald (Spider:3)
  15 shadow dragons
  5 draconian monks
  10 vault wardens
  9 fire giants
  7 draconian knights
  4 draconian scorchers
  9 frost giants
  10 ghost moths
  2 orc warlords
  4 draconian stormcallers
  An iron dragon (shapeshifter) (Depths:3)
  6 emperor scorpions
  7 draconian shifters
  7 iron dragons
  2 deep elf elementalists (Depths:3)
  20 ironbound preservers
  A war gargoyle (Depths:3)
  18 very ugly things
  8 draconian annihilators
  4 ironbound thunderhulks
  A vampire knight (Depths:4)
  3 broodmothers
  13 stone giants
  3 deep elf demonologists
  14 green draconians
  15 black draconians
  12 dire elephants
  4 entropy weavers
  8 white draconians
  A minotaur (Gauntlet)
  2 deep elf annihilators (Vaults:5)
  A dire elephant (shapeshifter) (Depths:3)
  8 yellow draconians
  15 purple draconians
  12 red draconians
  4 crystal guardians
  4 spark wasps
  A deep elf death mage (Vaults:5)
  10 ettins
  5 merfolk impalers (Shoals:4)
  Josephine (Orc:1)
  4 merfolk javelineers
  4 deep elf high priests (Vaults:5)
  7 fire dragons
  8 ice dragons
  15 yaktaur captains
  A salamander tyrant (Depths:3)
  2 rakshasas
  2 peacekeepers
  12 boulder beetles
  A juggernaut simulacrum (Depths:3)
  38 vault guards
  A merfolk avatar (Lair:5)
  7 great orbs of eyes
  5 ogre magi
  5 hydras
  12 ironbound frosthearts
  3 merfolk aquamancers (Shoals:1)
  3 spriggan air magi
  20 centaur warriors
  22 two-headed ogres
  3 radroaches
  An alligator snapping turtle (Shoals:3)
  A deep troll shaman (Depths:1)
  4 dancing weapons
  2 tengu warriors
  4 satyrs
  6 deep troll earth magi
  Urug (D:10)
  A vampire mage (Depths:1)
  4 spriggan berserkers
  Nergalle (D:10)
  12 hell knights
  2 titan skeletons
  An iron troll (Depths:1)
  6 pharaoh ants
  10 skeletal warriors
  Lodul (D:10)
  5 steelbarb worms
  A sun moth (Spider:1)
  2 flayed ghosts
  8 orb spiders
  20 sea snakes
  51 deep trolls
  5 wizards
  12 ironbound convokers
  A glowing orange brain (Vaults:4)
  4 phantasmal warriors
  A golden dragon skeleton (Vaults:2)
  13 lindwurms
  4 necromancers
  4 orc knights
  A sphinx skeleton (Vaults:2)
  13 harpies
  2 oklob plants (Shoals:1)
  A deep elf pyromancer (D:13)
  11 wolf spiders
  3 tengu skeletons (Vaults:2)
  9 cyclopes
  39 ugly things
  28 moths of wrath
  19 fauns
  13 manticores
  Joseph (D:7)
  A frost giant skeleton (Vaults:2)
  A guardian serpent (Lair:5)
  Maurice (D:11)
  10 vault sentinels
  6 water nymphs
  2 black mambas
  6 elephants (Lair:5)
  7 merfolk sirens
  5 torpor snails
  A kobold demonologist (D:11)
  5 gargoyles
  12 cane toads
  30 yaktaurs
  8 demonic crawlers
  A rime drake (Lair:5)
  An ice devil (Depths:2)
  3 freezing wraiths
  9 komodo dragons
  7 tengu conjurers
  An efreet (D:15)
  A queen bee (Gauntlet)
  3 trolls
  4 polar bears (Lair:5)
  A meliai (shapeshifter) (Depths:3)
  23 merfolk
  6 meliai (Spider:4)
  23 tarantellas
  6 hornets
  6 wind drakes
  A raiju (shapeshifter) (D:14)
  4 tyrant leeches (Depths:1)
  8 snapping turtles
  A dream sheep (shapeshifter) (Vaults:5)
  10 blink frogs
  19 slime creatures
  21 jumping spiders
  4 dream sheep
  24 culicivoras
  A spriggan (shapeshifter) (Vaults:5)
  4 water elementals
  An ettin skeleton (Vaults:2)
  7 basilisks
  6 wraiths
  12 wyverns
  A human (D:14)
  52 yaks
  2 steam dragons
  32 redbacks
  Menkaure (D:4)
  An elf simulacrum (Vaults:5)
  9 vampire mosquitoes
  3 wargs
  2 acid dragons (Zot:3)
  2 swamp worms (Gauntlet)
  14 water moccasins
  A sky beast (D:7)
  A glowing shapeshifter skeleton (Vaults:2)
  27 orc warriors
  4 black bears
  An ice beast (shapeshifter) (Vaults:5)
  An ice beast (D:7)
  31 ogres
  4 boggarts (Vaults:1)
  11 wolves
  8 centaurs
  2 phantoms
  6 bullfrogs
  2 necrophages (D:7)
  A kobold brigand (D:11)
  A human zombie (Vaults:5)
  A gnoll sergeant (D:12)
  3 scorpions
  4 human skeletons
  5 wights (D:7)
  6 killer bees (Gauntlet)
  4 howler monkeys
  8 electric eels
  13 jellies
  15 orc priests
  2 gnoll boudas
  A hound (D:7)
  3 iguanas (D:6)
  Natasha (thrice) (D:2)
  28 orc wizards
  Robin (D:2)
  21 gnolls
  9 adders
  An adder (shapeshifter) (Vaults:5)
  A shadow imp (D:7)
  4 white imps
  An ufetubus (D:7)
  4 worms
  A dart slug (D:2)
  87 orcs
  9 bats
  18 endoplasms
  12 giant cockroaches
  20 goblins
  6 hobgoblins
  2 jackals (D:3)
  9 quokkas
  12 ball pythons
  9 frilled lizards
  11 kobolds
  7 rats
  6 tentacles (Shoals:3)
1773 creatures vanquished.

Vanquished Creatures (collateral kills)
  Arachne (Spider:2)
  Jorgrun (Orc:1)
  3 tengu reavers (Vaults:5)
  A vault warden (Vaults:1)
  A frost giant (Depths:1)
  A broodmother (Spider:4)
  A very ugly thing (Depths:1)
  2 ettins
  3 merfolk javelineers
  A fire dragon (Depths:1)
  A peacekeeper (Vaults:3)
  A boulder beetle (Spider:4)
  A catoblepas (D:15)
  A merfolk aquamancer (Shoals:4)
  A satyr (Shoals:4)
  A deep troll earth mage (Depths:1)
  A sea snake (Shoals:4)
  5 orb spiders
  A deep troll (Depths:1)
  2 pharaoh ants
  2 wolf spiders
  An ugly thing (Depths:1)
  A manticore (Shoals:4)
  A torpor snail (Spider:4)
  A vault sentinel (Vaults:5)
  2 yaktaurs
  A demonic crawler (Spider:4)
  2 wind drakes (Shoals:4)
  A tarantella (Spider:3)
  3 merfolk
  A jumping spider (Spider:4)
  A culicivora (Spider:4)
  A water elemental (Shoals:4)
  A warg (Orc:1)
  2 orcs (Orc:1)
  A hobgoblin (D:11)
  A plant (Shoals:4)
53 creatures vanquished.

Vanquished Creatures (others)
  A draconian knight (Zot:4)
  A draconian annihilator (Zot:1)
  A sea snake (Shoals:1)
  A tengu conjurer (D:15)
  A jumping spider (Spider:4)
  31 fungi
  339 plants
  6 tentacles (Shoals:3)
  6 withered plants (Shoals:4)
387 creatures vanquished.

Grand Total: 2213 creatures vanquished

Notes
Turn   | Place    | Note
-------+----------+-------------------------------------------
     0 | D:1      | qw the Minotaur Berserker began the quest for the Orb.
     0 | D:1      | Reached XP level 1. HP: 19/19 MP: 0/0
     0 | D:1      | 0 ||| qw: Version: 0.1-a-119-g272c26d
     0 | D:1      | 0 ||| qw: Game counter: 11179
     0 | D:1      | 0 ||| qw: Always use a shield: true
     0 | D:1      | 0 ||| qw: Do Orc after D:15 true
     0 | D:1      | 0 ||| qw: Do second Lair branch before Depths: true
     0 | D:1      | 0 ||| qw: Lair rune preference: random
     0 | D:1      | 0 ||| qw: Plans: Normal
     0 | D:1      | 0 ||| PLANNING D:1-11
    88 | D:1      | 88 ||| Stepping ~*~*~tactically~*~*~ (stealth).
   244 | D:1      | Reached XP level 2. HP: 26/26 MP: 1/1
   503 | D:1      | 503 ||| Stepping ~*~*~tactically~*~*~ (stealth).
   507 | D:1      | 507 ||| Stepping ~*~*~tactically~*~*~ (stealth).
   510 | D:1      | 510 ||| Stepping ~*~*~tactically~*~*~ (stealth).
   516 | D:1      | 516 ||| Stepping ~*~*~tactically~*~*~ (stealth).
   517 | D:1      | 517 ||| Stepping ~*~*~tactically~*~*~ (stealth).
   519 | D:1      | 519 ||| Stepping ~*~*~tactically~*~*~ (stealth).
   520 | D:1      | 520 ||| Stepping ~*~*~tactically~*~*~ (stealth).
   524 | D:1      | 524 ||| Stepping ~*~*~tactically~*~*~ (stealth).
   530 | D:1      | 530 ||| Stepping ~*~*~tactically~*~*~ (stealth).
   946 | D:1      | 946 ||| DROPPING scarf of invisibility.
   947 | D:1      | 947 ||| READING scroll labelled LEM RABETE.
   948 | D:1      | 948 ||| READING 4 scrolls labelled DIFFIPTIWN.
   949 | D:1      | 949 ||| READING scroll labelled EWIEFA TUCEDWO.
  1090 | D:1      | 1090 ||| DRINKING 3 emerald potions.
  1091 | D:1      | 1091 ||| READING 3 scrolls of identify.
  1091 | D:1      | 1091 ||| IDENTIFYING grey potion
  1092 | D:1      | 1092 ||| READING 2 scrolls of identify.
  1092 | D:1      | 1092 ||| IDENTIFYING murky brown potion
  1111 | D:2      | Noticed Robin
  1114 | D:2      | Reached XP level 3. HP: 31/31 MP: 2/2
  1116 | D:2      | Reached ** piety under Trog
  1118 | D:2      | 1118 ||| INVOKING Berserk.
  1122 | D:2      | Killed Robin
  1185 | D:2      | 1185 ||| FLEEEEING.
  1186 | D:2      | 1186 ||| FLEEEEING.
  1229 | D:2      | 1229 ||| FLEEEEING.
  1230 | D:2      | 1230 ||| STAIRDANCE
  1330 | D:2      | Reached skill level 1 in Throwing
  1349 | D:2      | Found a faded altar of an unknown god.
  1485 | D:2      | Noticed Natasha
  1486 | D:2      | 1486 ||| Stepping ~*~*~tactically~*~*~ (hiding).
  1487 | D:2      | 1487 ||| Stepping ~*~*~tactically~*~*~ (hiding).
  1488 | D:2      | 1488 ||| Stepping ~*~*~tactically~*~*~ (hiding).
  1490 | D:2      | 1490 ||| INVOKING Berserk.
  1493 | D:2      | Killed Natasha
  1494 | D:2      | Reached skill level 6 in Axes
  1494 | D:2      | Reached XP level 4. HP: 39/39 MP: 3/3
  1618 | D:2      | Found a runed translucent door.
  1619 | D:2      | Noticed Crazy Yiuf
  1780 | D:2      | Noticed Natasha
  1781 | D:2      | 1781 ||| Stepping ~*~*~tactically~*~*~ (hiding).
  1785 | D:2      | 1785 ||| INVOKING Berserk.
  1788 | D:2      | Killed Natasha
  1874 | D:2      | Noticed Natasha
  1876 | D:2      | 1876 ||| INVOKING Berserk.
  1877 | D:2      | Killed Natasha
  1878 | D:2      | Reached XP level 5. HP: 45/45 MP: 4/4
  2084 | D:2      | 2084 ||| UPGRADING to +2 animal skin.
  2094 | D:2      | 2094 ||| DROPPING +0 animal skin.
  2095 | D:2      | 2095 ||| UPGRADING to +3 ring mail.
  2105 | D:2      | 2105 ||| DROPPING +2 animal skin.
  2106 | D:2      | 2106 ||| READING scroll labelled ICLECISTRUL.
  2109 | D:2      | 2109 ||| READING scroll labelled WYTHRA QEDD.
  2110 | D:2      | 2110 ||| READING 3 scrolls of identify.
  2110 | D:2      | 2110 ||| IDENTIFYING glowing amethyst potion
  2111 | D:2      | 2111 ||| READING 2 scrolls of identify.
  2111 | D:2      | 2111 ||| IDENTIFYING murky silvery potion
  2112 | D:2      | 2112 ||| DROPPING potion of flight.
  2113 | D:2      | 2113 ||| DROPPING potion of degeneration.
  2285 | D:3      | 2285 ||| PLANNING SEWER
  2304 | D:3      | 2304 ||| Stepping ~*~*~tactically~*~*~ (stealth).
  2305 | D:3      | 2305 ||| Stepping ~*~*~tactically~*~*~ (stealth).
  2356 | D:3      | 2356 ||| Stepping ~*~*~tactically~*~*~ (stealth).
  2366 | D:3      | 2366 ||| Stepping ~*~*~tactically~*~*~ (stealth).
  2474 | D:3      | 2474 ||| DROPPING +0 club.
  2555 | D:3      | 2555 ||| Stepping ~*~*~tactically~*~*~ (stealth).
  2588 | D:3      | 2588 ||| Stepping ~*~*~tactically~*~*~ (stealth).
  2589 | D:3      | 2589 ||| Stepping ~*~*~tactically~*~*~ (stealth).
  2596 | D:3      | 2596 ||| Stepping ~*~*~tactically~*~*~ (stealth).
  2598 | D:3      | 2598 ||| Stepping ~*~*~tactically~*~*~ (stealth).
  2698 | D:3      | 2698 ||| Stepping ~*~*~tactically~*~*~ (stealth).
  2701 | D:3      | 2701 ||| Stepping ~*~*~tactically~*~*~ (stealth).
  2861 | D:3      | Found a glowing drain.
  2893 | D:3      | 2893 ||| UPGRADING to +0 pair of boots.
  2898 | D:3      | 2898 ||| DRINKING 2 ruby potions.
  2899 | D:3      | 2899 ||| DRINKING 2 metallic emerald potions.
  2915 | D:3      | 2915 ||| DROPPING potion of lignification.
  2924 | Sewer    | Entered a sewer
  2976 | Sewer    | Reached *** piety under Trog
  3225 | Sewer    | 3225 ||| INVOKING Berserk.
  3226 | Sewer    | Reached XP level 6. HP: 35/52 MP: 5/5
  3613 | Sewer    | 3613 ||| READING scroll labelled QACVA RIUNKA.
  3613 | Sewer    | Identified a scroll of acquirement
  3613 | Sewer    | 3613 ||| ACQUIRING +0 buckler "Noihec" {*Slow Will+ Dex+4
                  | SInv}
  3613 | Sewer    | Acquired the +0 buckler "Noihec" {*Slow Will+ Dex+4 SInv}
  3615 | Sewer    | 3615 ||| UPGRADING to +0 buckler "Noihec" {*Slow Will+
                  | Dex+4 SInv}.
  3639 | D:3      | 3639 ||| PLANNING D:1-11
  3732 | D:4      | 3732 ||| Stepping ~*~*~tactically~*~*~ (stealth).
  3747 | D:4      | 3747 ||| Stepping ~*~*~tactically~*~*~ (stealth).
  3749 | D:4      | 3749 ||| Stepping ~*~*~tactically~*~*~ (hiding).
  3887 | D:4      | Noticed Menkaure
  3888 | D:4      | 3888 ||| INVOKING Berserk.
  3894 | D:4      | Killed Menkaure
  3895 | D:4      | Reached skill level 3 in Shields
  3895 | D:4      | Reached XP level 7. HP: 46/59 MP: 6/6
  4146 | D:4      | 4146 ||| Stepping ~*~*~tactically~*~*~ (hiding).
  4152 | D:4      | 4152 ||| INVOKING Berserk.
  4155 | D:4      | Reached skill level 9 in Axes
  4161 | D:4      | Found Mogeatt's Book Shop.
  4457 | D:4      | 4457 ||| READING scroll of enchant armour.
  4457 | D:4      | 4457 ||| ENCHANTING +0 pair of boots.
  4636 | D:4      | Noticed Blork the orc
  4642 | D:4      | 4642 ||| INVOKING Berserk.
  4648 | D:4      | 4648 ||| FLEEEEING.
  4649 | D:4      | 4649 ||| FLEEEEING.
  4651 | D:4      | 4651 ||| FLEEEEING.
  4652 | D:4      | 4652 ||| FLEEEEING.
  4653 | D:4      | 4653 ||| FLEEEEING.
  4977 | D:4      | Found a shimmering blue altar of Sif Muna.
  4980 | D:4      | 4980 ||| INVOKING Berserk.
  4986 | D:4      | 4986 ||| FLEEEEING.
  4987 | D:4      | 4987 ||| FLEEEEING.
  4988 | D:4      | 4988 ||| FLEEEEING.
  4989 | D:4      | 4989 ||| FLEEEEING.
  4990 | D:4      | 4990 ||| FLEEEEING.
  4991 | D:4      | 4991 ||| FLEEEEING.
  4992 | D:4      | 4992 ||| FLEEEEING.
  4993 | D:4      | 4993 ||| FLEEEEING.
  4994 | D:4      | 4994 ||| FLEEEEING.
  4995 | D:4      | 4995 ||| FLEEEEING.
  4996 | D:4      | 4996 ||| FLEEEEING.
  5081 | D:4      | 5081 ||| FLEEEEING.
  5159 | D:4      | 5159 ||| FLEEEEING.
  5160 | D:4      | 5160 ||| FLEEEEING.
  5161 | D:4      | 5161 ||| FLEEEEING.
  5162 | D:4      | 5162 ||| FLEEEEING.
  5210 | D:4      | 5210 ||| FLEEEEING.
  5214 | D:4      | 5214 ||| FLEEEEING.
  5215 | D:4      | 5215 ||| FLEEEEING.
  5315 | D:4      | 5315 ||| FLEEEEING.
  5316 | D:4      | 5316 ||| FLEEEEING.
  5317 | D:4      | 5317 ||| FLEEEEING.
  5375 | D:4      | 5375 ||| FLEEEEING.
  5393 | D:4      | 5393 ||| FLEEEEING.
  5394 | D:4      | 5394 ||| FLEEEEING.
  5395 | D:4      | 5395 ||| FLEEEEING.
  5396 | D:4      | 5396 ||| FLEEEEING.
  5486 | D:4      | 5486 ||| INVOKING Berserk.
  5492 | D:4      | 5492 ||| FLEEEEING.
  5493 | D:4      | 5493 ||| FLEEEEING.
  5494 | D:4      | 5494 ||| FLEEEEING.
  5495 | D:4      | 5495 ||| FLEEEEING.
  5496 | D:4      | 5496 ||| FLEEEEING.
  5497 | D:4      | 5497 ||| FLEEEEING.
  5498 | D:4      | 5498 ||| FLEEEEING.
  5499 | D:4      | 5499 ||| FLEEEEING.
  5500 | D:4      | 5500 ||| FLEEEEING.
  5501 | D:4      | 5501 ||| FLEEEEING.
  5502 | D:4      | 5502 ||| FLEEEEING.
  5630 | D:4      | 5630 ||| INVOKING Berserk.
  5634 | D:4      | 5634 ||| FLEEEEING.
  5635 | D:4      | 5635 ||| FLEEEEING.
  5636 | D:4      | 5636 ||| FLEEEEING.
  5637 | D:4      | 5637 ||| FLEEEEING.
  5638 | D:4      | 5638 ||| FLEEEEING.
  5639 | D:4      | 5639 ||| FLEEEEING.
  5640 | D:4      | 5640 ||| FLEEEEING.
  5641 | D:4      | 5641 ||| FLEEEEING.
  5642 | D:4      | 5642 ||| FLEEEEING.
  5643 | D:4      | 5643 ||| FLEEEEING.
  5644 | D:4      | 5644 ||| FLEEEEING.
  5783 | D:4      | 5783 ||| FLEEEEING.
  5784 | D:4      | 5784 ||| FLEEEEING.
  5785 | D:4      | 5785 ||| FLEEEEING.
  5786 | D:4      | 5786 ||| FLEEEEING.
  5787 | D:4      | 5787 ||| FLEEEEING.
  5789 | D:4      | 5789 ||| FLEEEEING.
  5790 | D:4      | 5790 ||| FLEEEEING.
  5791 | D:4      | 5791 ||| FLEEEEING.
  5902 | D:4      | 5902 ||| FLEEEEING.
  5903 | D:4      | 5903 ||| FLEEEEING.
  5904 | D:4      | 5904 ||| FLEEEEING.
  5905 | D:4      | 5905 ||| FLEEEEING.
  5906 | D:4      | 5906 ||| FLEEEEING.
  5907 | D:4      | 5907 ||| FLEEEEING.
  5908 | D:4      | 5908 ||| FLEEEEING.
  5909 | D:4      | 5909 ||| FLEEEEING.
  5910 | D:4      | 5910 ||| FLEEEEING.
  5911 | D:4      | 5911 ||| FLEEEEING.
  5912 | D:4      | 5912 ||| FLEEEEING.
  5953 | D:4      | 5953 ||| FLEEEEING.
  5954 | D:4      | 5954 ||| FLEEEEING.
  5955 | D:4      | 5955 ||| FLEEEEING.
  5956 | D:4      | 5956 ||| FLEEEEING.
  5957 | D:4      | 5957 ||| FLEEEEING.
  5958 | D:4      | 5958 ||| FLEEEEING.
  5959 | D:4      | 5959 ||| FLEEEEING.
  5960 | D:4      | 5960 ||| FLEEEEING.
  5961 | D:4      | 5961 ||| FLEEEEING.
  6150 | D:4      | 6150 ||| UPGRADING to +0 chain mail.
  6151 | D:4      | 6151 ||| UPGRADING to +0 chain mail.
  6156 | D:4      | 6156 ||| FLEEEEING.
  6157 | D:4      | 6157 ||| FLEEEEING.
  6158 | D:4      | 6158 ||| FLEEEEING.
  6159 | D:4      | 6159 ||| FLEEEEING.
  6160 | D:4      | 6160 ||| FLEEEEING.
  6161 | D:4      | 6161 ||| FLEEEEING.
  6162 | D:4      | 6162 ||| FLEEEEING.
  6163 | D:4      | 6163 ||| FLEEEEING.
  6164 | D:4      | 6164 ||| FLEEEEING.
  6165 | D:4      | 6165 ||| FLEEEEING.
  6166 | D:4      | 6166 ||| FLEEEEING.
  6167 | D:4      | 6167 ||| FLEEEEING.
  6168 | D:4      | 6168 ||| FLEEEEING.
  6338 | D:4      | 6338 ||| UPGRADING to +3 ring mail.
  6343 | D:4      | 6343 ||| UPGRADING to +0 chain mail.
  6353 | D:4      | 6353 ||| DROPPING +3 ring mail.
  6354 | D:4      | 6354 ||| UPGRADING to ring of protection from fire.
  6355 | D:4      | 6355 ||| READING 2 scrolls of identify.
  6355 | D:4      | 6355 ||| IDENTIFYING fuming puce potion
  6356 | D:4      | 6356 ||| DROPPING potion of attraction.
  6393 | D:5      | Entered Level 5 of the Dungeon
  6405 | D:5      | Reached skill level 3 in Armour
  6540 | D:5      | 6540 ||| Stepping ~*~*~tactically~*~*~ (stealth).
  6584 | D:5      | 6584 ||| INVOKING Berserk.
  6595 | D:5      | Reached XP level 8. HP: 68/68 MP: 7/7
  6717 | D:5      | 6717 ||| DROPPING +0 flail.
  6768 | D:5      | Found Nienodwu's Assorted Antiques.
  6776 | D:5      | 6776 ||| SHOPLISTING glowing ice dragon scales (1827 gold,
                  | have 181).
  6776 | D:5      | 6776 ||| BUYING potion of curing (87 gold).
  6776 | D:5      | Bought a potion of curing for 87 gold pieces
  6776 | D:5      | 6776 ||| BUYING scroll labelled CAIHYOXEGI (29 gold).
  6776 | D:5      | Bought a scroll labelled CAIHYOXEGI for 29 gold pieces
  6776 | D:5      | 6776 ||| SHOPLISTING scroll of teleportation (87 gold, have
                  | 65).
  6776 | D:5      | 6776 ||| SHOPLISTING translucent plate armour (812 gold,
                  | have 65).
  6776 | D:5      | 6776 ||| BUYING viscous golden potion (26 gold).
  6776 | D:5      | Bought a viscous golden potion for 26 gold pieces
  7000 | D:5      | 7000 ||| READING scroll labelled CAIHYOXEGI.
  7001 | D:5      | 7001 ||| DRINKING 2 viscous golden potions.
  7002 | D:5      | 7002 ||| READING 2 scrolls of identify.
  7002 | D:5      | 7002 ||| IDENTIFYING cyan potion
  7003 | D:5      | 7003 ||| DROPPING potion of magic.
  7004 | D:5      | 7004 ||| DROPPING potion of brilliance.
  7088 | D:6      | 7088 ||| INVOKING Berserk.
  7092 | D:6      | Reached skill level 6 in Fighting
  7341 | D:6      | Found a shimmering altar of Xom.
  7505 | D:6      | 7505 ||| Stepping ~*~*~tactically~*~*~ (hiding).
  7507 | D:6      | 7507 ||| INVOKING Berserk.
  7821 | D:6      | Noticed a slime creature
  7822 | D:6      | 7822 ||| INVOKING Berserk.
  7827 | D:6      | Reached skill level 4 in Armour
  7840 | D:6      | Reached **** piety under Trog
  7843 | D:6      | Killed a slime creature
  7844 | D:6      | Reached skill level 12 in Axes
  8075 | D:6      | 8075 ||| READING scroll labelled ROKKIUB ATHRA.
  8176 | D:6      | 8176 ||| READING scroll labelled XISHYTIALO.
  8212 | D:7      | Found a staircase to the Ecumenical Temple.
  8219 | D:7      | Noticed Joseph
  8233 | D:7      | 8233 ||| INVOKING Berserk.
  8238 | D:7      | HP: 24/105 [orc warrior/+0 glaive (10)]
  8239 | D:7      | Killed Joseph
  8240 | D:7      | Reached XP level 9. HP: 27/80 MP: 8/8
  8243 | D:7      | HP: 18/120 [orc warrior/+0 glaive (9)]
  8250 | D:7      | Reached skill level 3 in Dodging
  8737 | D:7      | 8737 ||| INVOKING Berserk.
  9011 | D:7      | 9011 ||| Stepping ~*~*~tactically~*~*~ (hiding).
  9013 | D:7      | 9013 ||| Stepping ~*~*~tactically~*~*~ (hiding).
  9054 | D:7      | 9054 ||| INVOKING Berserk.
  9217 | D:7      | 9217 ||| Stepping ~*~*~tactically~*~*~ (stealth).
  9222 | D:7      | 9222 ||| Stepping ~*~*~tactically~*~*~ (stealth).
  9292 | D:7      | 9292 ||| INVOKING Berserk.
  9577 | D:7      | Reached skill level 5 in Armour
  9993 | D:7      | 9993 ||| UPGRADING to +0 plate armour.
 10003 | D:7      | 10003 ||| DROPPING +0 chain mail.
 10004 | D:7      | 10004 ||| READING 2 scrolls of identify.
 10004 | D:7      | 10004 ||| IDENTIFYING viscous silvery potion
 10005 | D:7      | 10005 ||| DROPPING potion of berserk rage.
 10060 | D:8      | 10060 ||| INVOKING Berserk.
 10065 | D:8      | Reached skill level 6 in Armour
 10209 | D:8      | Found a blossoming altar of Fedhas.
 10227 | D:8      | 10227 ||| Stepping ~*~*~tactically~*~*~ (stealth).
 10229 | D:8      | 10229 ||| Stepping ~*~*~tactically~*~*~ (hiding).
 10231 | D:8      | 10231 ||| Stepping ~*~*~tactically~*~*~ (hiding).
 10233 | D:8      | 10233 ||| INVOKING Berserk.
 10245 | D:8      | 10245 ||| Stepping ~*~*~tactically~*~*~ (stealth).
 10512 | D:8      | 10512 ||| FLEEEEING.
 10514 | D:8      | 10514 ||| FLEEEEING.
 10515 | D:8      | 10515 ||| FLEEEEING.
 10518 | D:8      | 10518 ||| INVOKING Berserk.
 10531 | D:8      | 10531 ||| FLEEEEING.
 10532 | D:8      | 10532 ||| FLEEEEING.
 10533 | D:8      | 10533 ||| FLEEEEING.
 10534 | D:8      | 10534 ||| FLEEEEING.
 10535 | D:8      | 10535 ||| FLEEEEING.
 10536 | D:8      | 10536 ||| FLEEEEING.
 10538 | D:8      | HP: 16/81 [electric eel/bolt of electricity (9)]
 10539 | D:8      | 10539 ||| DRINKING 3 potions of heal wounds.
 10545 | D:8      | HP: 15/81 [electric eel/bolt of electricity (9)]
 10546 | D:8      | 10546 ||| DRINKING 2 potions of heal wounds.
 10551 | D:8      | 10551 ||| FLEEEEING.
 10566 | D:8      | 10566 ||| INVOKING Berserk.
 10689 | D:8      | 10689 ||| FLEEEEING.
 10690 | D:8      | 10690 ||| FLEEEEING.
 10691 | D:8      | 10691 ||| FLEEEEING.
 10692 | D:8      | 10692 ||| FLEEEEING.
 10791 | D:8      | Noticed a manticore
 10799 | D:8      | 10799 ||| INVOKING Berserk.
 10805 | D:8      | Killed a manticore
 10806 | D:8      | Reached XP level 10. HP: 84/88 MP: 9/9
 10877 | D:8      | 10877 ||| Stepping ~*~*~tactically~*~*~ (hiding).
 10879 | D:8      | 10879 ||| INVOKING Berserk.
 10900 | D:8      | 10900 ||| FLEEEEING.
 10901 | D:8      | 10901 ||| FLEEEEING.
 10902 | D:8      | 10902 ||| FLEEEEING.
 10903 | D:8      | 10903 ||| FLEEEEING.
 10904 | D:8      | 10904 ||| FLEEEEING.
 10905 | D:8      | 10905 ||| FLEEEEING.
 10906 | D:8      | 10906 ||| FLEEEEING.
 10907 | D:8      | 10907 ||| FLEEEEING.
 10908 | D:8      | 10908 ||| FLEEEEING.
 10912 | D:8      | 10912 ||| STAIRDANCE
 10948 | D:7      | 10948 ||| READING scroll labelled LOPLOEQAUTT.
 10998 | D:8      | Found a sparkling altar of Nemelex Xobeh.
 11003 | D:8      | 11003 ||| FLEEEEING.
 11004 | D:8      | 11004 ||| FLEEEEING.
 11005 | D:8      | 11005 ||| FLEEEEING.
 11093 | D:8      | 11093 ||| FLEEEEING.
 11094 | D:8      | 11094 ||| FLEEEEING.
 11095 | D:8      | 11095 ||| FLEEEEING.
 11096 | D:8      | 11096 ||| FLEEEEING.
 11097 | D:8      | 11097 ||| FLEEEEING.
 11098 | D:8      | 11098 ||| FLEEEEING.
 11399 | D:8      | 11399 ||| FLEEEEING.
 11400 | D:8      | 11400 ||| FLEEEEING.
 11401 | D:8      | 11401 ||| FLEEEEING.
 11402 | D:8      | HP: 21/88 [electric eel/bolt of electricity (10)]
 11403 | D:8      | 11403 ||| DRINKING potion of heal wounds.
 11404 | D:8      | 11404 ||| INVOKING Berserk.
 11413 | D:8      | HP: 21/132 [electric eel/bolt of electricity (14)]
 11871 | D:9      | 11871 ||| Stepping ~*~*~tactically~*~*~ (stealth).
 12110 | D:9      | Identified the +6 flail of Plog {holy, Will+ Str+6 Dex-5
                  | SInv}
 12112 | D:9      | 12112 ||| DROPPING +3 flail.
 12174 | D:9      | 12174 ||| Stepping ~*~*~tactically~*~*~ (hiding).
 12399 | D:9      | 12399 ||| INVOKING Berserk.
 12404 | D:9      | Reached skill level 7 in Armour
 12515 | D:9      | 12515 ||| SWAPPING to +0 broad axe.
 12516 | D:9      | 12516 ||| DROPPING +1 hand axe of freezing.
 12517 | D:9      | 12517 ||| DROPPING +1 hand axe.
 12531 | D:9      | 12531 ||| Stepping ~*~*~tactically~*~*~ (stealth).
 12533 | D:9      | 12533 ||| Stepping ~*~*~tactically~*~*~ (stealth).
 12549 | D:9      | 12549 ||| INVOKING Berserk.
 12795 | D:9      | 12795 ||| DRINKING 2 red potions.
 12796 | D:9      | 12796 ||| READING 2 scrolls of identify.
 12796 | D:9      | 12796 ||| IDENTIFYING yellow potion
 12797 | D:9      | 12797 ||| DROPPING potion of invisibility.
 12812 | D:10     | Entered Level 10 of the Dungeon
 12830 | D:10     | 12830 ||| INVOKING Berserk.
 12836 | D:10     | 12836 ||| FLEEEEING.
 12837 | D:10     | 12837 ||| FLEEEEING.
 12843 | D:10     | 12843 ||| FLEEEEING.
 12844 | D:10     | 12844 ||| FLEEEEING.
 12845 | D:10     | 12845 ||| FLEEEEING.
 12846 | D:10     | 12846 ||| FLEEEEING.
 12847 | D:10     | 12847 ||| FLEEEEING.
 12848 | D:10     | 12848 ||| FLEEEEING.
 12849 | D:10     | 12849 ||| FLEEEEING.
 12850 | D:10     | 12850 ||| STAIRDANCE
 12954 | D:10     | 12954 ||| INVOKING Berserk.
 12956 | D:10     | 12956 ||| STAIRDANCE
 13153 | D:10     | 13153 ||| Stepping ~*~*~tactically~*~*~ (stealth).
 13161 | D:10     | Reached skill level 15 in Axes
 13205 | D:10     | 13205 ||| INVOKING Berserk.
 13215 | D:10     | Reached skill level 9 in Fighting
 13501 | D:10     | Noticed a green ugly thing
 13510 | D:10     | 13510 ||| INVOKING Berserk.
 13512 | D:10     | Killed a green ugly thing
 13558 | D:10     | 13558 ||| FLEEEEING.
 13559 | D:10     | 13559 ||| STAIRDANCE
 13737 | D:9      | 13737 ||| READING scroll labelled XUCEPE ENOANGI.
 13742 | D:10     | 13742 ||| INVOKING Berserk.
 13898 | D:10     | Noticed Lodul
 13899 | D:10     | 13899 ||| INVOKING Berserk.
 13908 | D:10     | Killed Lodul
 13909 | D:10     | Reached XP level 11. HP: 84/97 MP: 10/10
 14096 | D:10     | 14096 ||| Stepping ~*~*~tactically~*~*~ (hiding).
 14096 | D:10     | Noticed Urug
 14103 | D:10     | 14103 ||| INVOKING Berserk.
 14114 | D:10     | Killed Urug
 14115 | D:10     | Reached skill level 6 in Shields
 14238 | D:10     | 14238 ||| Stepping ~*~*~tactically~*~*~ (hiding).
 14441 | D:10     | Noticed Nergalle
 14442 | D:10     | 14442 ||| Stepping ~*~*~tactically~*~*~ (stealth).
 14444 | D:10     | 14444 ||| Stepping ~*~*~tactically~*~*~ (hiding).
 14447 | D:10     | 14447 ||| Stepping ~*~*~tactically~*~*~ (hiding).
 14450 | D:10     | 14450 ||| INVOKING Berserk.
 14458 | D:10     | Killed Nergalle
 14459 | D:10     | Reached skill level 3 in Throwing
 14729 | D:10     | Found a bloodstained altar of Trog.
 14734 | D:10     | 14734 ||| INVOKING Berserk.
 14791 | D:10     | Identified the +4 short sword of Sipnekk {drain, rN+ rCorr
                  | Int+3 Dex+3}
 14840 | D:10     | Noticed a two-headed ogre
 14841 | D:10     | 14841 ||| INVOKING Berserk.
 14845 | D:10     | Killed a two-headed ogre
 15139 | D:11     | Reached skill level 8 in Armour
 15147 | D:11     | Noticed Maurice
 15154 | D:11     | Killed Maurice
 15269 | D:11     | 15269 ||| Stepping ~*~*~tactically~*~*~ (stealth).
 15272 | D:11     | 15272 ||| Stepping ~*~*~tactically~*~*~ (stealth).
 15333 | D:11     | 15333 ||| Stepping ~*~*~tactically~*~*~ (hiding).
 15402 | D:11     | Found a staircase to the Lair.
 15408 | D:11     | 15408 ||| DRINKING 9 potions of curing.
 15408 | D:11     | 15408 ||| (to cure confusion)
 15431 | D:11     | Noticed a two-headed ogre
 15435 | D:11     | 15435 ||| INVOKING Berserk.
 15438 | D:11     | Killed a two-headed ogre
 15541 | D:11     | 15541 ||| Stepping ~*~*~tactically~*~*~ (stealth).
 15543 | D:11     | 15543 ||| Stepping ~*~*~tactically~*~*~ (stealth).
 15545 | D:11     | 15545 ||| Stepping ~*~*~tactically~*~*~ (hiding).
 15547 | D:11     | 15547 ||| Stepping ~*~*~tactically~*~*~ (hiding).
 15548 | D:11     | 15548 ||| Stepping ~*~*~tactically~*~*~ (stealth).
 15549 | D:11     | 15549 ||| INVOKING Berserk.
 15562 | D:11     | Found a staircase to the Orcish Mines.
 15780 | D:11     | 15780 ||| Stepping ~*~*~tactically~*~*~ (stealth).
 15823 | D:11     | Noticed a four-headed hydra
 15824 | D:11     | 15824 ||| INVOKING Brothers in Arms.
 15825 | D:11     | 15825 ||| INVOKING Brothers in Arms.
 15827 | D:11     | 15827 ||| INVOKING Brothers in Arms.
 15828 | D:11     | 15828 ||| SWAPPING to +6 flail of Plog {holy, Will+ Str+6
                  | Dex-5 SInv}.
 15829 | D:11     | 15829 ||| INVOKING Berserk.
 15831 | D:11     | Killed a four-headed hydra
 15848 | D:11     | 15848 ||| SWAPPING to +0 broad axe.
 16233 | D:11     | 16233 ||| Stepping ~*~*~tactically~*~*~ (stealth).
 16270 | D:11     | 16270 ||| Stepping ~*~*~tactically~*~*~ (stealth).
 16275 | D:11     | 16275 ||| Stepping ~*~*~tactically~*~*~ (stealth).
 16502 | D:11     | 16502 ||| Stepping ~*~*~tactically~*~*~ (hiding).
 16503 | D:11     | 16503 ||| Stepping ~*~*~tactically~*~*~ (hiding).
 16620 | D:11     | 16620 ||| Stepping ~*~*~tactically~*~*~ (hiding).
 16621 | D:11     | 16621 ||| Stepping ~*~*~tactically~*~*~ (hiding).
 16622 | D:11     | 16622 ||| Stepping ~*~*~tactically~*~*~ (hiding).
 16626 | D:11     | Reached ***** piety under Trog
 16770 | D:11     | Reached XP level 12. HP: 106/106 MP: 11/11
 16957 | D:11     | 16957 ||| PLANNING LAIR
 16957 | D:11     | 16957 ||| UPGRADING to +0 cloak of poison resistance.
 16962 | D:11     | 16962 ||| DROPPING +1 pair of boots.
 16963 | D:11     | 16963 ||| READING 4 scrolls of identify.
 16963 | D:11     | 16963 ||| IDENTIFYING black potion
 17015 | Lair:1   | Entered Level 1 of the Lair of Beasts
 17016 | Lair:1   | 17016 ||| PLANNING GAUNTLET
 17368 | Lair:1   | Found a gate leading to a gauntlet.
 17373 | Gauntlet | Entered a Gauntlet
 17373 | Gauntlet | Found a transporter.
 17380 | Gauntlet | Found a transporter.
 17383 | Gauntlet | Found a transporter.
 17396 | Gauntlet | Found a transporter.
 17400 | Gauntlet | Found a runed translucent door.
 17400 | Gauntlet | Noticed a great orb of eyes
 17401 | Gauntlet | Found a runed translucent door.
 17404 | Gauntlet | Found a transporter.
 17420 | Gauntlet | Found a transporter.
 17431 | Gauntlet | Found a transporter.
 17432 | Gauntlet | Noticed a ghost moth
 17432 | Gauntlet | a goliath frog changed into a ghost moth
 17433 | Gauntlet | Noticed a bunyip
 17433 | Gauntlet | a ghost moth changed into a bunyip
 17441 | Gauntlet | Found a transporter.
 17446 | Gauntlet | Noticed a fire dragon
 17446 | Gauntlet | a bunyip changed into a fire dragon
 17447 | Gauntlet | Found a transporter.
 17449 | Gauntlet | Found a transporter.
 17449 | Gauntlet | Noticed a boulder beetle
 17449 | Gauntlet | a fire dragon changed into a boulder beetle
 17455 | Gauntlet | Noticed a bunyip
 17455 | Gauntlet | a boulder beetle changed into a bunyip
 17456 | Gauntlet | Noticed an alligator
 17456 | Gauntlet | a bunyip changed into an alligator
 17468 | Gauntlet | Found a transporter.
 17479 | Gauntlet | Found a transporter.
 17533 | Gauntlet | Found a transporter.
 17535 | Gauntlet | Found a transporter.
 17633 | Gauntlet | 17633 ||| Stepping randomly (stuck).
 17634 | Gauntlet | 17634 ||| INVOKING Berserk.
 17638 | Gauntlet | Reached skill level 9 in Armour
 17725 | Gauntlet | 17725 ||| UPGRADING to +4 ring of slaying {mikee}.
 17750 | Gauntlet | Reached skill level 18 in Axes
 17779 | Gauntlet | 17779 ||| INVOKING Trog's Hand.
 17781 | Gauntlet | 17781 ||| INVOKING Berserk.
 17782 | Gauntlet | Killed a great orb of eyes
 17912 | Gauntlet | Identified the +7 chain mail "Heazyig" {*Slow rN+ Regen+
                  | Int+3}
 17915 | Gauntlet | Identified the amulet "Xubleel" {Reflect Contam rF+ Int+4
                  | SH+5}
 17917 | Gauntlet | 17917 ||| UPGRADING to +7 chain mail "Heazyig" {*Slow rN+
                  | Regen+ Int+3}.
 17927 | Gauntlet | 17927 ||| DROPPING +0 plate armour.
 17928 | Gauntlet | 17928 ||| UPGRADING to amulet "Xubleel" {Reflect Contam rF+
                  | Int+4 SH+5}.
 17958 | Gauntlet | Noticed a minotaur
 17959 | Gauntlet | 17959 ||| INVOKING Brothers in Arms.
 17961 | Gauntlet | 17961 ||| INVOKING Berserk.
 17966 | Gauntlet | Killed a minotaur
 18189 | Lair:1   | 18189 ||| PLANNING LAIR
 18192 | Lair:1   | 18192 ||| INVOKING Berserk.
 18832 | Lair:2   | 18832 ||| STAIRDANCE
 18886 | Lair:2   | Reached skill level 6 in Dodging
 18920 | Lair:2   | 18920 ||| INVOKING Berserk.
 19359 | Lair:2   | 19359 ||| INVOKING Berserk.
 19486 | Lair:2   | Found a hole to the Spider Nest.
 19496 | Lair:2   | Reached skill level 12 in Fighting
 19541 | Lair:2   | 19541 ||| Stepping ~*~*~tactically~*~*~ (stealth).
 19543 | Lair:2   | 19543 ||| Stepping ~*~*~tactically~*~*~ (stealth).
 19546 | Lair:2   | 19546 ||| Stepping ~*~*~tactically~*~*~ (stealth).
 19549 | Lair:2   | 19549 ||| Stepping ~*~*~tactically~*~*~ (stealth).
 19689 | Lair:2   | Identified the +5 scale mail "Rubom" {Int+2 Slay+3}
 19852 | Lair:2   | Found a staircase to the Shoals.
 19880 | Lair:2   | 19880 ||| DROPPING amulet of reflection.
 19881 | Lair:2   | 19881 ||| READING 7 scrolls of identify.
 19881 | Lair:2   | 19881 ||| IDENTIFYING purple potion
 19919 | Lair:3   | 19919 ||| Stepping ~*~*~tactically~*~*~ (hiding).
 20010 | Lair:3   | 20010 ||| Stepping ~*~*~tactically~*~*~ (stealth).
 20051 | Lair:3   | Reached XP level 13. HP: 97/122 MP: 12/12
 20055 | Lair:3   | 20055 ||| Stepping ~*~*~tactically~*~*~ (stealth).
 20063 | Lair:3   | 20063 ||| INVOKING Berserk.
 20238 | Lair:3   | 20238 ||| INVOKING Berserk.
 20416 | Lair:3   | Reached skill level 10 in Armour
 20452 | Lair:3   | Identified the +6 war axe "Galumuha" {antimagic, rPois
                  | Dex+4} (Trog gifted it to you on level 3 of the Lair of
                  | Beasts)
 20452 | Lair:3   | Received a gift from Trog
 20454 | Lair:3   | 20454 ||| SWAPPING to +6 war axe "Galumuha" {antimagic,
                  | rPois Dex+4}.
 20455 | Lair:3   | 20455 ||| DROPPING +0 broad axe.
 20735 | Lair:3   | 20735 ||| INVOKING Brothers in Arms.
 20737 | Lair:3   | 20737 ||| SWAPPING to +6 flail of Plog {holy, Will+ Str+6
                  | Dex-5 SInv}.
 20738 | Lair:3   | 20738 ||| INVOKING Berserk.
 20746 | Lair:3   | 20746 ||| SWAPPING to +6 war axe "Galumuha" {antimagic,
                  | rPois Dex+4}.
 20982 | Lair:3   | 20982 ||| READING scroll labelled TANI REJONIM.
 20983 | Lair:3   | 20983 ||| READING scroll labelled LACUSUYTIP.
 21088 | Lair:4   | 21088 ||| DRINKING potion of cancellation.
 21180 | Lair:4   | 21180 ||| INVOKING Berserk.
 21307 | Lair:4   | 21307 ||| Stepping ~*~*~tactically~*~*~ (stealth).
 21315 | Lair:4   | 21315 ||| INVOKING Berserk.
 21522 | Lair:4   | Found a large runed translucent door.
 21523 | Lair:4   | Found a large runed translucent door.
 21525 | Lair:4   | Noticed qw's ghost (journeyman MiBe)
 21604 | Lair:4   | Found a viscous altar of Jiyva.
 21604 | Lair:4   | Found a staircase to the Slime Pits.
 21729 | Lair:4   | 21729 ||| UPGRADING to +0 kite shield.
 21739 | Lair:4   | 21739 ||| DROPPING +0 buckler "Noihec" {*Slow Will+ Dex+4
                  | SInv}.
 21763 | Lair:5   | Entered Level 5 of the Lair of Beasts
 21765 | Lair:5   | 21765 ||| STAIRDANCE
 21767 | Lair:4   | 21767 ||| INVOKING Berserk.
 21920 | Lair:5   | 21920 ||| STAIRDANCE
 21922 | Lair:4   | 21922 ||| INVOKING Berserk.
 22079 | Lair:5   | 22079 ||| INVOKING Berserk.
 22087 | Lair:5   | 22087 ||| STAIRDANCE
 22252 | Lair:5   | 22252 ||| INVOKING Berserk.
 22260 | Lair:5   | 22260 ||| Stepping ~*~*~tactically~*~*~ (water).
 22273 | Lair:5   | 22273 ||| INVOKING Trog's Hand.
 22274 | Lair:5   | Reached skill level 9 in Shields
 22274 | Lair:5   | 22274 ||| Stepping ~*~*~tactically~*~*~ (hiding).
 22276 | Lair:5   | 22276 ||| Stepping ~*~*~tactically~*~*~ (hiding).
 22294 | Lair:5   | 22294 ||| Stepping ~*~*~tactically~*~*~ (water).
 22319 | Lair:5   | 22319 ||| INVOKING Berserk.
 22329 | Lair:5   | 22329 ||| Stepping ~*~*~tactically~*~*~ (water).
 22332 | Lair:5   | 22332 ||| Stepping ~*~*~tactically~*~*~ (water).
 22337 | Lair:5   | HP: 30/122 [elephant (2)]
 22338 | Lair:5   | 22338 ||| READING 2 scrolls of teleportation.
 22339 | Lair:5   | 22339 ||| DRINKING potion of heal wounds.
 22349 | Lair:5   | 22349 ||| FLEEEEING.
 22350 | Lair:5   | 22350 ||| STAIRDANCE
 22539 | Lair:5   | 22539 ||| Stepping ~*~*~tactically~*~*~ (stealth).
 22540 | Lair:5   | 22540 ||| Stepping ~*~*~tactically~*~*~ (stealth).
 22541 | Lair:5   | 22541 ||| Stepping ~*~*~tactically~*~*~ (stealth).
 22551 | Lair:5   | 22551 ||| FLEEEEING.
 22552 | Lair:5   | 22552 ||| FLEEEEING.
 22553 | Lair:5   | 22553 ||| FLEEEEING.
 22554 | Lair:5   | 22554 ||| FLEEEEING.
 22555 | Lair:5   | 22555 ||| FLEEEEING.
 22556 | Lair:5   | 22556 ||| FLEEEEING.
 22557 | Lair:5   | 22557 ||| FLEEEEING.
 22558 | Lair:5   | 22558 ||| FLEEEEING.
 22559 | Lair:5   | 22559 ||| FLEEEEING.
 22560 | Lair:5   | 22560 ||| FLEEEEING.
 22561 | Lair:5   | 22561 ||| FLEEEEING.
 22562 | Lair:5   | 22562 ||| FLEEEEING.
 22563 | Lair:5   | 22563 ||| FLEEEEING.
 22564 | Lair:5   | 22564 ||| FLEEEEING.
 22565 | Lair:5   | 22565 ||| FLEEEEING.
 22566 | Lair:5   | 22566 ||| FLEEEEING.
 22567 | Lair:5   | 22567 ||| FLEEEEING.
 22568 | Lair:5   | 22568 ||| FLEEEEING.
 22574 | Lair:5   | 22574 ||| FLEEEEING.
 22575 | Lair:5   | 22575 ||| FLEEEEING.
 22576 | Lair:5   | 22576 ||| INVOKING Berserk.
 22657 | Lair:5   | 22657 ||| INVOKING Berserk.
 22791 | Lair:5   | 22791 ||| INVOKING Berserk.
 22856 | Lair:5   | 22856 ||| Stepping ~*~*~tactically~*~*~ (water).
 22867 | Lair:5   | Found the ring of the Octopus King
 22882 | Lair:5   | Identified a ring of the Octopus King {rCorr HP+2 AC+2 EV+2
                  | SH+2}
 22920 | Lair:5   | 22920 ||| INVOKING Berserk.
 23073 | Lair:5   | 23073 ||| INVOKING Brothers in Arms.
 23074 | Lair:5   | 23074 ||| SWAPPING to +6 flail of Plog {holy, Will+ Str+6
                  | Dex-5 SInv}.
 23075 | Lair:5   | 23075 ||| INVOKING Berserk.
 23078 | Lair:5   | Reached skill level 12 in Shields
 23116 | Lair:5   | 23116 ||| SWAPPING to +6 war axe "Galumuha" {antimagic,
                  | rPois Dex+4}.
 23228 | Lair:5   | 23228 ||| INVOKING Berserk.
 23339 | Lair:5   | Found the +3 pair of seven-league boots {Rampage+∞}
 23385 | Lair:5   | 23385 ||| Stepping ~*~*~tactically~*~*~ (hiding).
 23509 | Lair:5   | 23509 ||| INVOKING Brothers in Arms.
 23510 | Lair:5   | 23510 ||| INVOKING Brothers in Arms.
 23512 | Lair:5   | 23512 ||| SWAPPING to +6 flail of Plog {holy, Will+ Str+6
                  | Dex-5 SInv}.
 23514 | Lair:5   | 23514 ||| INVOKING Berserk.
 23539 | Lair:5   | 23539 ||| SWAPPING to +6 war axe "Galumuha" {antimagic,
                  | rPois Dex+4}.
 23694 | Lair:5   | 23694 ||| Stepping ~*~*~tactically~*~*~ (stealth).
 23697 | Lair:5   | 23697 ||| Stepping ~*~*~tactically~*~*~ (stealth).
 23778 | Lair:5   | Reached skill level 6 in Throwing
 23852 | Lair:5   | 23852 ||| INVOKING Berserk.
 24144 | Lair:5   | 24144 ||| INVOKING Berserk.
 24152 | Lair:5   | Reached XP level 14. HP: 129/129 MP: 4/13
 24425 | Lair:5   | 24425 ||| PLANNING D
 24425 | Lair:5   | 24425 ||| UPGRADING to +3 pair of seven-league boots
                  | {Rampage+∞}.
 24435 | Lair:5   | 24435 ||| DROPPING +1 pair of boots.
 24436 | Lair:5   | 24436 ||| UPGRADING to ring of the Octopus King {rCorr HP+2
                  | AC+2 EV+2 SH+2}.
 24440 | Lair:5   | 24440 ||| READING 2 scrolls labelled YQIADW BORI.
 24556 | D:12     | 24556 ||| STAIRDANCE
 24565 | D:12     | 24565 ||| STAIRDANCE
 24579 | D:12     | 24579 ||| STAIRDANCE
 24606 | D:12     | 24606 ||| Stepping ~*~*~tactically~*~*~ (hiding).
 24608 | D:12     | 24608 ||| Stepping ~*~*~tactically~*~*~ (hiding).
 24613 | D:12     | 24613 ||| Stepping ~*~*~tactically~*~*~ (hiding).
 24752 | D:12     | 24752 ||| INVOKING Berserk.
 24931 | D:12     | 24931 ||| INVOKING Berserk.
 25380 | D:12     | 25380 ||| DROPPING +6 ring of strength.
 25381 | D:12     | 25381 ||| DROPPING ring of willpower.
 25393 | D:13     | Found Beddeuge's Armour Boutique.
 25469 | D:13     | Identified the +1 war axe of Etati {freeze, rF+ rN+ Str+4
                  | SInv}
 25471 | D:13     | 25471 ||| SWAPPING to +1 war axe of Etati {freeze, rF+ rN+
                  | Str+4 SInv}.
 25562 | D:13     | 25562 ||| Stepping ~*~*~tactically~*~*~ (stealth).
 25688 | D:13     | 25688 ||| Stepping ~*~*~tactically~*~*~ (stealth).
 25689 | D:13     | 25689 ||| Stepping ~*~*~tactically~*~*~ (stealth).
 25692 | D:13     | 25692 ||| INVOKING Berserk.
 26145 | D:13     | 26145 ||| READING scroll labelled NYCZUAMIUCH.
 26162 | D:14     | Reached skill level 11 in Armour
 26165 | D:14     | 26165 ||| Stepping ~*~*~tactically~*~*~ (stealth).
 26285 | D:14     | 26285 ||| Stepping ~*~*~tactically~*~*~ (stealth).
 26287 | D:14     | 26287 ||| Stepping ~*~*~tactically~*~*~ (stealth).
 26316 | D:14     | Reached skill level 15 in Fighting
 26450 | D:14     | 26450 ||| INVOKING Brothers in Arms.
 26451 | D:14     | 26451 ||| INVOKING Brothers in Arms.
 26452 | D:14     | 26452 ||| SWAPPING to +6 flail of Plog {holy, Will+ Str+6
                  | Dex-5 SInv}.
 26454 | D:14     | 26454 ||| INVOKING Berserk.
 26467 | D:14     | 26467 ||| SWAPPING to +1 war axe of Etati {freeze, rF+ rN+
                  | Str+4 SInv}.
 26604 | D:14     | Found a radiant altar of Vehumet.
 26661 | D:14     | 26661 ||| STAIRDANCE
 26681 | D:13     | 26681 ||| UPGRADING to +0 pair of gloves.
 26690 | D:14     | 26690 ||| Stepping ~*~*~tactically~*~*~ (hiding).
 26929 | D:14     | 26929 ||| Stepping ~*~*~tactically~*~*~ (hiding).
 26938 | D:14     | Reached skill level 12 in Armour
 26967 | D:14     | 26967 ||| Stepping ~*~*~tactically~*~*~ (hiding).
 26968 | D:14     | 26968 ||| Stepping ~*~*~tactically~*~*~ (hiding).
 27004 | D:14     | Found a gate to the Vaults.
 27037 | D:14     | 27037 ||| DROPPING +4 ring of protection.
 27038 | D:14     | 27038 ||| READING 12 scrolls of identify.
 27038 | D:14     | 27038 ||| IDENTIFYING coppery potion
 27039 | D:14     | 27039 ||| DROPPING potion of ambrosia.
 27063 | D:15     | Entered Level 15 of the Dungeon
 27293 | D:15     | 27293 ||| Stepping ~*~*~tactically~*~*~ (hiding).
 27297 | D:15     | 27297 ||| INVOKING Brothers in Arms.
 27298 | D:15     | 27298 ||| INVOKING Berserk.
 27302 | D:15     | Reached skill level 15 in Shields
 27571 | D:15     | 27571 ||| INVOKING Berserk.
 27755 | D:15     | 27755 ||| Stepping ~*~*~tactically~*~*~ (hiding).
 27759 | D:15     | 27759 ||| INVOKING Berserk.
 27781 | D:15     | Reached XP level 15. HP: 122/141 MP: 14/14
 27897 | D:15     | Found a staircase to the Depths.
 28141 | D:15     | 28141 ||| INVOKING Trog's Hand.
 28143 | D:15     | 28143 ||| INVOKING Berserk.
 28391 | D:15     | Noticed Rupert
 28392 | D:15     | 28392 ||| INVOKING Trog's Hand.
 28393 | D:15     | 28393 ||| INVOKING Berserk.
 28405 | D:15     | Killed Rupert
 28877 | D:15     | 28877 ||| PLANNING ORC
 28877 | D:15     | 28877 ||| READING scroll labelled KOLUKI YLOFAU.
 28946 | D:13     | 28946 ||| Stepping ~*~*~tactically~*~*~ (stealth).
 28948 | D:13     | 28948 ||| Stepping ~*~*~tactically~*~*~ (hiding).
 29085 | Orc:1    | Entered Level 1 of the Orcish Mines
 29085 | Orc:1    | Noticed Josephine
 29095 | Orc:1    | Killed Josephine
 29096 | Orc:1    | Reached skill level 13 in Armour
 29121 | Orc:1    | Noticed Jorgrun
 29125 | Orc:1    | 29125 ||| INVOKING Brothers in Arms.
 29128 | Orc:1    | 29128 ||| INVOKING Berserk.
 29135 | Orc:1    | Killed Jorgrun
 29658 | Orc:1    | Found Kafoh's Distillery.
 29666 | Orc:1    | 29666 ||| BUYING potion of cancellation (128 gold).
 29666 | Orc:1    | Bought a potion of cancellation for 128 gold pieces
 29666 | Orc:1    | 29666 ||| BUYING potion of curing (48 gold).
 29666 | Orc:1    | Bought a potion of curing for 48 gold pieces
 29666 | Orc:1    | 29666 ||| BUYING potion of curing (48 gold).
 29666 | Orc:1    | Bought a potion of curing for 48 gold pieces
 29666 | Orc:1    | 29666 ||| BUYING potion of mutation (128 gold).
 29666 | Orc:1    | Bought a potion of mutation for 128 gold pieces
 29666 | Orc:1    | 29666 ||| BUYING potion of mutation (128 gold).
 29666 | Orc:1    | Bought a potion of mutation for 128 gold pieces
 29863 | Orc:2    | Entered Level 2 of the Orcish Mines
 29885 | Orc:2    | 29885 ||| STAIRDANCE
 29890 | Orc:2    | 29890 ||| STAIRDANCE
 30011 | Orc:2    | Received a gift from Trog
 30044 | Orc:2    | 30044 ||| Stepping ~*~*~tactically~*~*~ (stealth).
 30045 | Orc:2    | 30045 ||| Stepping ~*~*~tactically~*~*~ (stealth).
 30049 | Orc:2    | 30049 ||| Stepping ~*~*~tactically~*~*~ (stealth).
 30066 | Orc:2    | 30066 ||| INVOKING Trog's Hand.
 30068 | Orc:2    | 30068 ||| INVOKING Berserk.
 30073 | Orc:2    | Found Wyps's Weapon Emporium.
 30073 | Orc:2    | Found Medat's Antique Weapon Boutique.
 30073 | Orc:2    | Found Miegug's Distillery.
 30073 | Orc:2    | Found Meulul's Antique Armour Shoppe.
 30200 | Orc:2    | 30200 ||| BUYING +1 cloak of Starlight {*Dazzle EV+4
                  | Stlth--} (854 gold).
 30200 | Orc:2    | Bought the +1 cloak of Starlight {*Dazzle EV+4 Stlth--} for
                  | 854 gold pieces
 30200 | Orc:2    | Found the +1 cloak of Starlight {*Dazzle EV+4 Stlth--}
 30200 | Orc:2    | 30200 ||| BUYING glowing plate armour (728 gold).
 30200 | Orc:2    | Bought a glowing plate armour for 728 gold pieces
 30200 | Orc:2    | 30200 ||| SHOPLISTING pair of glowing gloves (210 gold,
                  | have 48).
 30208 | Orc:2    | 30208 ||| SHOPLISTING potion of curing (51 gold, have 48).
 30208 | Orc:2    | 30208 ||| SHOPLISTING potion of might (68 gold, have 48).
 30208 | Orc:2    | 30208 ||| SHOPLISTING potion of mutation (136 gold, have
                  | 48).
 30340 | Orc:2    | 30340 ||| INVOKING Trog's Hand.
 30343 | Orc:2    | 30343 ||| INVOKING Berserk.
 30535 | Orc:2    | Found a staircase to the Elven Halls.
 30677 | Orc:2    | 30677 ||| PLANNING SPIDER:1-3
 30677 | Orc:2    | 30677 ||| UPGRADING to +1 cloak of Starlight {*Dazzle EV+4
                  | Stlth--}.
 30687 | Orc:2    | 30687 ||| SWAPPING to +6 war axe "Galumuha" {antimagic,
                  | rPois Dex+4}.
 30688 | Orc:2    | 30688 ||| DROPPING +0 cloak of poison resistance.
 30689 | Orc:2    | 30689 ||| UPGRADING to +3 plate armour of willpower.
 30839 | Spider:1 | Entered Level 1 of the Spider Nest
 30894 | Spider:1 | 30894 ||| Stepping ~*~*~tactically~*~*~ (stealth).
 30895 | Spider:1 | 30895 ||| Stepping ~*~*~tactically~*~*~ (stealth).
 30896 | Spider:1 | 30896 ||| Stepping ~*~*~tactically~*~*~ (stealth).
 30902 | Spider:1 | Reached skill level 14 in Armour
 30982 | Spider:1 | Found a runed translucent gate.
 30982 | Spider:1 | Found a runed translucent gate.
 30982 | Spider:1 | Found a runed translucent gate.
 30983 | Spider:1 | Noticed qw's ghost (journeyman MiBe)
 31005 | Spider:1 | 31005 ||| Stepping ~*~*~tactically~*~*~ (stealth).
 31006 | Spider:1 | 31006 ||| Stepping ~*~*~tactically~*~*~ (stealth).
 31007 | Spider:1 | 31007 ||| Stepping ~*~*~tactically~*~*~ (stealth).
 31067 | Spider:1 | 31067 ||| INVOKING Berserk.
 31146 | Spider:1 | 31146 ||| INVOKING Berserk.
 31352 | Spider:1 | Noticed an emperor scorpion
 31356 | Spider:1 | 31356 ||| INVOKING Berserk.
 31360 | Spider:1 | Killed an emperor scorpion
 31496 | Spider:1 | 31496 ||| Stepping ~*~*~tactically~*~*~ (stealth).
 31497 | Spider:1 | 31497 ||| Stepping ~*~*~tactically~*~*~ (stealth).
 31512 | Spider:1 | 31512 ||| Stepping ~*~*~tactically~*~*~ (hiding).
 31513 | Spider:1 | 31513 ||| Stepping ~*~*~tactically~*~*~ (hiding).
 31524 | Spider:1 | 31524 ||| Stepping ~*~*~tactically~*~*~ (stealth).
 31592 | Spider:1 | 31592 ||| Stepping ~*~*~tactically~*~*~ (stealth).
 31595 | Spider:1 | 31595 ||| INVOKING Berserk.
 31608 | Spider:1 | Reached skill level 15 in Armour
 31673 | Spider:1 | 31673 ||| Stepping ~*~*~tactically~*~*~ (stealth).
 31675 | Spider:1 | 31675 ||| Stepping ~*~*~tactically~*~*~ (stealth).
 31688 | Spider:1 | Reached XP level 16. HP: 155/155 MP: 5/15
 31706 | Spider:1 | 31706 ||| INVOKING Brothers in Arms.
 31716 | Spider:1 | Reached skill level 9 in Dodging
 32237 | Spider:1 | 32237 ||| INVOKING Brothers in Arms.
 32239 | Spider:1 | 32239 ||| INVOKING Brothers in Arms.
 32613 | Spider:1 | 32613 ||| DROPPING ring of see invisible.
 32650 | Spider:2 | 32650 ||| STAIRDANCE
 32775 | Spider:2 | 32775 ||| STAIRDANCE
 33016 | Spider:2 | 33016 ||| Stepping ~*~*~tactically~*~*~ (stealth).
 33064 | Spider:2 | 33064 ||| Stepping ~*~*~tactically~*~*~ (stealth).
 33099 | Spider:2 | 33099 ||| Stepping ~*~*~tactically~*~*~ (stealth).
 33100 | Spider:2 | 33100 ||| INVOKING Brothers in Arms.
 33190 | Spider:2 | 33190 ||| Stepping ~*~*~tactically~*~*~ (stealth).
 33192 | Spider:2 | 33192 ||| Stepping ~*~*~tactically~*~*~ (stealth).
 33247 | Spider:2 | Noticed Arachne
 33248 | Spider:2 | 33248 ||| INVOKING Brothers in Arms.
 33254 | Spider:2 | 33254 ||| INVOKING Berserk.
 33258 | Spider:2 | Killed Arachne
 33439 | Spider:2 | Identified the +1 ring mail "Suyl" {rElec rPois rCorr}
 33482 | Spider:2 | 33482 ||| Stepping ~*~*~tactically~*~*~ (stealth).
 33490 | Spider:2 | 33490 ||| Stepping ~*~*~tactically~*~*~ (stealth).
 33494 | Spider:2 | Reached skill level 16 in Armour
 33707 | Spider:3 | 33707 ||| INVOKING Berserk.
 33743 | Spider:3 | 33743 ||| Stepping ~*~*~tactically~*~*~ (stealth).
 33745 | Spider:3 | 33745 ||| FLEEEEING.
 33771 | Spider:3 | 33771 ||| Stepping ~*~*~tactically~*~*~ (stealth).
 33817 | Spider:3 | Noticed Donald
 33819 | Spider:3 | 33819 ||| INVOKING Berserk.
 33823 | Spider:3 | Killed Donald
 33959 | Spider:3 | 33959 ||| INVOKING Brothers in Arms.
 33960 | Spider:3 | 33960 ||| Stepping ~*~*~tactically~*~*~ (hiding).
 33961 | Spider:3 | 33961 ||| INVOKING Brothers in Arms.
 34122 | Spider:3 | 34122 ||| Stepping ~*~*~tactically~*~*~ (stealth).
 34124 | Spider:3 | 34124 ||| Stepping ~*~*~tactically~*~*~ (stealth).
 34127 | Spider:3 | 34127 ||| INVOKING Brothers in Arms.
 34128 | Spider:3 | 34128 ||| INVOKING Brothers in Arms.
 34129 | Spider:3 | 34129 ||| INVOKING Brothers in Arms.
 34130 | Spider:3 | 34130 ||| INVOKING Berserk.
 34238 | Spider:3 | 34238 ||| DRINKING 2 potions of resistance.
 34246 | Spider:3 | 34246 ||| Stepping ~*~*~tactically~*~*~ (stealth).
 34248 | Spider:3 | 34248 ||| INVOKING Brothers in Arms.
 34249 | Spider:3 | 34249 ||| INVOKING Brothers in Arms.
 34250 | Spider:3 | 34250 ||| INVOKING Brothers in Arms.
 34251 | Spider:3 | 34251 ||| INVOKING Brothers in Arms.
 34260 | Spider:3 | Reached skill level 18 in Fighting
 34340 | Spider:3 | 34340 ||| READING scroll of acquirement.
 34340 | Spider:3 | 34340 ||| ACQUIRING 993 gold pieces
 34340 | Spider:3 | Acquired 993 gold pieces
 34394 | Spider:3 | 34394 ||| DROPPING +2 vorpal broad axe.
 34629 | Spider:3 | Identified the +1 pair of gloves of Least Resistance
                  | {Dex+7}
 34630 | Spider:3 | 34630 ||| Stepping ~*~*~tactically~*~*~ (hiding).
 34635 | Spider:3 | 34635 ||| INVOKING Brothers in Arms.
 34636 | Spider:3 | 34636 ||| INVOKING Brothers in Arms.
 34672 | Spider:3 | 34672 ||| Stepping randomly (disturbance).
 34674 | Spider:3 | 34674 ||| Stepping randomly (disturbance).
 34675 | Spider:3 | 34675 ||| Stepping randomly (disturbance).
 34676 | Spider:3 | 34676 ||| Stepping randomly (disturbance).
 35007 | Spider:3 | 35007 ||| PLANNING SHOALS:1-3
 35007 | Spider:3 | 35007 ||| UPGRADING to +1 pair of gloves of Least
                  | Resistance {Dex+7}.
 35017 | Spider:3 | 35017 ||| DROPPING +2 ice dragon scales.
 35018 | Spider:3 | 35018 ||| UPGRADING to +0 crystal plate armour.
 35028 | Spider:3 | 35028 ||| DROPPING +7 chain mail "Heazyig" {*Slow rN+
                  | Regen+ Int+3}.
 35029 | Spider:3 | 35029 ||| DROPPING +0 pair of gloves.
 35030 | Spider:3 | 35030 ||| DROPPING +0 fire dragon scales.
 35031 | Spider:3 | 35031 ||| DROPPING +3 plate armour of willpower.
 35186 | Shoals:1 | Entered Level 1 of the Shoals
 35260 | Shoals:1 | 35260 ||| INVOKING Berserk.
 35265 | Shoals:1 | Reached skill level 17 in Armour
 35338 | Shoals:1 | 35338 ||| Stepping ~*~*~tactically~*~*~ (hiding).
 35367 | Shoals:1 | 35367 ||| INVOKING Berserk.
 35482 | Shoals:1 | 35482 ||| Stepping ~*~*~tactically~*~*~ (stealth).
 35625 | Shoals:1 | 35625 ||| Stepping ~*~*~tactically~*~*~ (water).
 35628 | Shoals:1 | 35628 ||| Stepping ~*~*~tactically~*~*~ (water).
 35634 | Shoals:1 | 35634 ||| INVOKING Berserk.
 35647 | Shoals:1 | Reached skill level 18 in Armour
 35668 | Shoals:1 | 35668 ||| Stepping ~*~*~tactically~*~*~ (water).
 35745 | Shoals:1 | 35745 ||| Stepping ~*~*~tactically~*~*~ (stealth).
 35750 | Shoals:1 | 35750 ||| Stepping ~*~*~tactically~*~*~ (stealth).
 35757 | Shoals:1 | 35757 ||| Stepping ~*~*~tactically~*~*~ (stealth).
 35892 | Shoals:1 | 35892 ||| READING scroll of acquirement.
 35892 | Shoals:1 | 35892 ||| ACQUIRING 932 gold pieces
 35892 | Shoals:1 | Acquired 932 gold pieces
 35965 | Shoals:1 | 35965 ||| INVOKING Berserk.
 36215 | Shoals:1 | 36215 ||| UPGRADING to +1 kite shield of reflection.
 36225 | Shoals:1 | 36225 ||| DROPPING +0 kite shield.
 36226 | Shoals:1 | 36226 ||| DROPPING +0 kite shield of reflection.
 36241 | Shoals:2 | 36241 ||| INVOKING Trog's Hand.
 36257 | Shoals:2 | Reached XP level 17. HP: 139/163 MP: 5/16
 36591 | Shoals:2 | Reached skill level 19 in Armour
 36768 | Shoals:2 | 36768 ||| Stepping ~*~*~tactically~*~*~ (hiding).
 36885 | Shoals:2 | 36885 ||| Stepping ~*~*~tactically~*~*~ (hiding).
 36890 | Shoals:2 | 36890 ||| INVOKING Berserk.
 36938 | Shoals:2 | 36938 ||| FLEEEEING.
 37112 | Shoals:2 | 37112 ||| READING 2 scrolls of teleportation.
 37113 | Shoals:2 | 37113 ||| Waiting to end mesmerise (stuck).
 37114 | Shoals:2 | 37114 ||| Waiting to end mesmerise (stuck).
 37115 | Shoals:2 | 37115 ||| Waiting to end mesmerise (stuck).
 37289 | Shoals:2 | 37289 ||| READING scroll of enchant armour.
 37289 | Shoals:2 | 37289 ||| ENCHANTING +0 crystal plate armour.
 37477 | Shoals:3 | 37477 ||| Stepping ~*~*~tactically~*~*~ (hiding).
 37478 | Shoals:3 | 37478 ||| Stepping ~*~*~tactically~*~*~ (hiding).
 37481 | Shoals:3 | 37481 ||| INVOKING Brothers in Arms.
 37482 | Shoals:3 | 37482 ||| INVOKING Brothers in Arms.
 37484 | Shoals:3 | 37484 ||| INVOKING Berserk.
 37596 | Shoals:3 | 37596 ||| INVOKING Trog's Hand.
 37598 | Shoals:3 | 37598 ||| STAIRDANCE
 37615 | Shoals:3 | Reached skill level 9 in Throwing
 37618 | Shoals:3 | 37618 ||| STAIRDANCE
 37869 | Shoals:3 | 37869 ||| INVOKING Berserk.
 37985 | Shoals:3 | Found Tauh's Antique Armour Boutique.
 37991 | Shoals:3 | 37991 ||| INVOKING Berserk.
 38019 | Shoals:3 | 38019 ||| Stepping ~*~*~tactically~*~*~ (stealth).
 38024 | Shoals:3 | 38024 ||| FLEEEEING.
 38072 | Shoals:3 | 38072 ||| Stepping ~*~*~tactically~*~*~ (stealth).
 38114 | Shoals:3 | 38114 ||| READING scroll of enchant armour.
 38114 | Shoals:3 | 38114 ||| ENCHANTING +1 crystal plate armour.
 38141 | Shoals:3 | 38141 ||| Stepping ~*~*~tactically~*~*~ (stealth).
 38175 | Shoals:3 | 38175 ||| BUYING glowing kite shield (277 gold).
 38175 | Shoals:3 | Bought a glowing kite shield for 277 gold pieces
 38181 | Shoals:3 | Noticed a kraken
 38191 | Shoals:3 | 38191 ||| FLEEEEING.
 38192 | Shoals:3 | 38192 ||| FLEEEEING.
 38348 | Shoals:3 | 38348 ||| Stepping ~*~*~tactically~*~*~ (water).
 38354 | Shoals:3 | Killed a kraken
 38509 | Shoals:3 | 38509 ||| PLANNING SPIDER:4
 38509 | Shoals:3 | 38509 ||| UPGRADING to +2 kite shield of cold resistance.
 38519 | Shoals:3 | 38519 ||| DROPPING +1 kite shield of reflection.
 38520 | Shoals:3 | 38520 ||| READING scroll labelled FICAALL LALOO.
 38733 | Spider:4 | Entered Level 4 of the Spider Nest
 38740 | Spider:4 | 38740 ||| INVOKING Berserk.
 38750 | Spider:4 | HP: 48/247 [broodmother (20)]
 38762 | Spider:4 | 38762 ||| READING 2 scrolls of teleportation.
 38763 | Spider:4 | 38763 ||| DRINKING 5 potions of heal wounds.
 38765 | Spider:4 | 38765 ||| INVOKING Brothers in Arms.
 38774 | Spider:4 | HP: 33/165 [disintegration[a torpor snail] (25)]
 38775 | Spider:4 | 38775 ||| READING scroll of teleportation.
 38776 | Spider:4 | 38776 ||| DRINKING 4 potions of heal wounds.
 38785 | Spider:4 | HP: 39/165 [meliai/divine providence (13)]
 38786 | Spider:4 | 38786 ||| DRINKING 3 potions of heal wounds.
 38788 | Spider:4 | Reached skill level 20 in Armour
 38803 | Spider:4 | 38803 ||| INVOKING Brothers in Arms.
 38804 | Spider:4 | 38804 ||| INVOKING Brothers in Arms.
 38816 | Spider:4 | 38816 ||| INVOKING Berserk.
 38874 | Spider:4 | 38874 ||| DRINKING potion of resistance.
 38875 | Spider:4 | 38875 ||| INVOKING Berserk.
 38996 | Spider:4 | 38996 ||| INVOKING Berserk.
 39110 | Spider:4 | Identified the +1 rapier "Earthworm" {pain, Str+2}
 39122 | Spider:4 | 39122 ||| INVOKING Brothers in Arms.
 39126 | Spider:4 | 39126 ||| INVOKING Brothers in Arms.
 39127 | Spider:4 | 39127 ||| INVOKING Brothers in Arms.
 39128 | Spider:4 | 39128 ||| DRINKING 14 potions of curing.
 39128 | Spider:4 | 39128 ||| (to cure confusion)
 39129 | Spider:4 | 39129 ||| INVOKING Brothers in Arms.
 39130 | Spider:4 | 39130 ||| INVOKING Berserk.
 39155 | Spider:4 | 39155 ||| INVOKING Brothers in Arms.
 39156 | Spider:4 | 39156 ||| INVOKING Brothers in Arms.
 39164 | Spider:4 | 39164 ||| INVOKING Brothers in Arms.
 39233 | Spider:4 | 39233 ||| Stepping ~*~*~tactically~*~*~ (stealth).
 39239 | Spider:4 | 39239 ||| INVOKING Berserk.
 39246 | Spider:4 | Reached skill level 21 in Armour
 39453 | Spider:4 | Identified the +0 hat of Xom's Benevolence {rPois rC+ Int-3
                  | Dex+2}
 39489 | Spider:4 | Got a gossamer rune of Zot
 39665 | Spider:4 | Identified the +1 leather armour "Papa" {rElec Int+4
                  | Stlth+}
 39888 | Spider:4 | 39888 ||| PLANNING VAULTS:1-4
 39888 | Spider:4 | 39888 ||| UPGRADING to +0 hat of Xom's Benevolence {rPois
                  | rC+ Int-3 Dex+2}.
 39893 | Spider:4 | 39893 ||| SWAPPING to +1 war axe of Etati {freeze, rF+ rN+
                  | Str+4 SInv}.
 39894 | Spider:4 | 39894 ||| DROPPING scarf of invisibility.
 39895 | Spider:4 | 39895 ||| DROPPING scarf of shadows.
 39967 | Spider:4 | 39967 ||| DROPPING +6 ring of intelligence.
 40271 | Vaults:1 | Entered Level 1 of the Vaults
 40386 | Vaults:1 | 40386 ||| Stepping ~*~*~tactically~*~*~ (hiding).
 40394 | Vaults:1 | 40394 ||| INVOKING Berserk.
 40547 | Vaults:1 | 40547 ||| Stepping ~*~*~tactically~*~*~ (stealth).
 40611 | Vaults:1 | Reached XP level 18. HP: 131/172 MP: 17/17
 40618 | Vaults:1 | 40618 ||| INVOKING Berserk.
 40807 | Vaults:1 | 40807 ||| DROPPING +0 morningstar.
 40808 | Vaults:1 | 40808 ||| DROPPING +6 flail of Plog {holy, Will+ Str+6
                  | Dex-5 SInv}.
 40832 | Vaults:1 | 40832 ||| Stepping ~*~*~tactically~*~*~ (hiding).
 40840 | Vaults:1 | 40840 ||| INVOKING Trog's Hand.
 40871 | Vaults:1 | 40871 ||| Stepping ~*~*~tactically~*~*~ (stealth).
 40873 | Vaults:1 | 40873 ||| Stepping ~*~*~tactically~*~*~ (hiding).
 40922 | Vaults:1 | 40922 ||| Stepping ~*~*~tactically~*~*~ (hiding).
 40923 | Vaults:1 | 40923 ||| INVOKING Trog's Hand.
 41146 | Vaults:1 | 41146 ||| INVOKING Trog's Hand.
 41155 | Vaults:1 | 41155 ||| Stepping ~*~*~tactically~*~*~ (hiding).
 41157 | Vaults:1 | Noticed a Brimstone Fiend
 41159 | Vaults:1 | 41159 ||| INVOKING Berserk.
 41161 | Vaults:1 | HP: 57/267 [balrug/divine providence[a deep elf
                  | demonologist] (11)]
 41531 | Vaults:1 | Found Vusayhed's General Store.
 41541 | Vaults:1 | 41541 ||| BUYING potion of heal wounds (85 gold).
 41541 | Vaults:1 | Bought a potion of heal wounds for 85 gold pieces
 41541 | Vaults:1 | 41541 ||| BUYING scroll of teleportation (51 gold).
 41541 | Vaults:1 | Bought a scroll of teleportation for 51 gold pieces
 41706 | Vaults:1 | 41706 ||| Stepping ~*~*~tactically~*~*~ (stealth).
 41760 | Vaults:1 | 41760 ||| Stepping ~*~*~tactically~*~*~ (stealth).
 41762 | Vaults:1 | 41762 ||| Stepping ~*~*~tactically~*~*~ (stealth).
 41866 | Vaults:1 | 41866 ||| Stepping ~*~*~tactically~*~*~ (stealth).
 41868 | Vaults:1 | 41868 ||| INVOKING Trog's Hand.
 41871 | Vaults:1 | 41871 ||| INVOKING Brothers in Arms.
 41872 | Vaults:1 | 41872 ||| INVOKING Brothers in Arms.
 41873 | Vaults:1 | 41873 ||| INVOKING Brothers in Arms.
 41874 | Vaults:1 | 41874 ||| INVOKING Brothers in Arms.
 41879 | Vaults:1 | 41879 ||| INVOKING Brothers in Arms.
 41882 | Vaults:1 | 41882 ||| INVOKING Trog's Hand.
 41887 | Vaults:1 | 41887 ||| INVOKING Berserk.
 42125 | Vaults:1 | 42125 ||| Stepping ~*~*~tactically~*~*~ (stealth).
 42127 | Vaults:1 | 42127 ||| Stepping ~*~*~tactically~*~*~ (hiding).
 42128 | Vaults:1 | 42128 ||| Stepping ~*~*~tactically~*~*~ (hiding).
 42573 | Vaults:2 | 42573 ||| Stepping ~*~*~tactically~*~*~ (hiding).
 42574 | Vaults:2 | 42574 ||| INVOKING Berserk.
 42586 | Vaults:2 | Reached skill level 22 in Armour
 42889 | Vaults:2 | 42889 ||| INVOKING Trog's Hand.
 42912 | Vaults:2 | Identified the +6 halberd "Nycebum" {vorpal, rElec rC+
                  | Will+ Int-2}
 42950 | Vaults:2 | Reached skill level 12 in Dodging
 43126 | Vaults:2 | 43126 ||| INVOKING Trog's Hand.
 43160 | Vaults:2 | 43160 ||| INVOKING Brothers in Arms.
 43161 | Vaults:2 | 43161 ||| INVOKING Brothers in Arms.
 43164 | Vaults:2 | 43164 ||| INVOKING Berserk.
 43378 | Vaults:2 | 43378 ||| Stepping ~*~*~tactically~*~*~ (hiding).
 43379 | Vaults:2 | 43379 ||| Stepping ~*~*~tactically~*~*~ (hiding).
 43476 | Vaults:2 | 43476 ||| Stepping ~*~*~tactically~*~*~ (stealth).
 43767 | Vaults:2 | Found Niapset's Distillery.
 43776 | Vaults:2 | 43776 ||| BUYING potion of curing (60 gold).
 43776 | Vaults:2 | Bought a potion of curing for 60 gold pieces
 43776 | Vaults:2 | 43776 ||| BUYING potion of curing (60 gold).
 43776 | Vaults:2 | Bought a potion of curing for 60 gold pieces
 43776 | Vaults:2 | 43776 ||| BUYING potion of haste (200 gold).
 43776 | Vaults:2 | Bought a potion of haste for 200 gold pieces
 43776 | Vaults:2 | 43776 ||| BUYING potion of heal wounds (100 gold).
 43776 | Vaults:2 | Bought a potion of heal wounds for 100 gold pieces
 43776 | Vaults:2 | 43776 ||| BUYING potion of resistance (200 gold).
 43776 | Vaults:2 | Bought a potion of resistance for 200 gold pieces
 43795 | Vaults:2 | 43795 ||| DRINKING potion of resistance.
 44137 | Vaults:2 | 44137 ||| Stepping ~*~*~tactically~*~*~ (stealth).
 44140 | Vaults:2 | 44140 ||| Stepping ~*~*~tactically~*~*~ (stealth).
 44193 | Vaults:2 | 44193 ||| Stepping ~*~*~tactically~*~*~ (stealth).
 44279 | Vaults:2 | Found a staircase to the Crypt.
 44377 | Vaults:2 | Reached XP level 19. HP: 185/185 MP: 18/18
 44428 | Vaults:2 | 44428 ||| INVOKING Trog's Hand.
 44450 | Vaults:2 | 44450 ||| INVOKING Brothers in Arms.
 44451 | Vaults:2 | 44451 ||| INVOKING Berserk.
 44612 | Vaults:3 | 44612 ||| Stepping ~*~*~tactically~*~*~ (hiding).
 44619 | Vaults:3 | 44619 ||| INVOKING Brothers in Arms.
 44620 | Vaults:3 | 44620 ||| INVOKING Brothers in Arms.
 44621 | Vaults:3 | 44621 ||| INVOKING Berserk.
 44776 | Vaults:3 | Reached skill level 23 in Armour
 44805 | Vaults:3 | Found a gateway to a bazaar.
 44806 | Vaults:3 | 44806 ||| PLANNING BAZAAR
 44852 | Bazaar   | Entered a bazaar
 44856 | Bazaar   | Found Damashi's Armour Shop.
 44863 | Bazaar   | Found Mouw's Jewellery Boutique.
 44867 | Bazaar   | Found Onupor's Distillery.
 44870 | Bazaar   | 44870 ||| BUYING ring of fire (350 gold).
 44870 | Bazaar   | Bought a ring of fire for 350 gold pieces
 44877 | Bazaar   | 44877 ||| BUYING 2 potions of curing (90 gold).
 44877 | Bazaar   | Bought 2 potions of curing for 90 gold pieces
 44877 | Bazaar   | 44877 ||| BUYING potion of curing (45 gold).
 44877 | Bazaar   | Bought a potion of curing for 45 gold pieces
 44877 | Bazaar   | 44877 ||| BUYING potion of curing (45 gold).
 44877 | Bazaar   | Bought a potion of curing for 45 gold pieces
 44877 | Bazaar   | 44877 ||| BUYING potion of curing (45 gold).
 44877 | Bazaar   | Bought a potion of curing for 45 gold pieces
 44877 | Bazaar   | 44877 ||| BUYING potion of resistance (150 gold).
 44877 | Bazaar   | Bought a potion of resistance for 150 gold pieces
 44879 | Bazaar   | Found Qiedoah's Magic Scroll Emporium.
 44889 | Bazaar   | 44889 ||| BUYING scroll of enchant weapon (67 gold).
 44889 | Bazaar   | Bought a scroll of enchant weapon for 67 gold pieces
 44889 | Bazaar   | 44889 ||| BUYING scroll of teleportation (27 gold).
 44889 | Bazaar   | Bought a scroll of teleportation for 27 gold pieces
 44889 | Bazaar   | Found Fewylega's Book Emporium.
 44911 | Vaults:3 | 44911 ||| PLANNING VAULTS:1-4
 44951 | Vaults:3 | 44951 ||| FLEEEEING.
 44957 | Vaults:3 | 44957 ||| FLEEEEING.
 44958 | Vaults:3 | 44958 ||| FLEEEEING.
 44959 | Vaults:3 | 44959 ||| FLEEEEING.
 44960 | Vaults:3 | 44960 ||| FLEEEEING.
 44961 | Vaults:3 | 44961 ||| FLEEEEING.
 44962 | Vaults:3 | 44962 ||| FLEEEEING.
 44963 | Vaults:3 | 44963 ||| FLEEEEING.
 44965 | Vaults:3 | 44965 ||| Stepping ~*~*~tactically~*~*~ (hiding).
 44969 | Vaults:3 | 44969 ||| DRINKING potion of resistance.
 45258 | Vaults:3 | 45258 ||| Stepping ~*~*~tactically~*~*~ (hiding).
 45259 | Vaults:3 | 45259 ||| Stepping ~*~*~tactically~*~*~ (hiding).
 45383 | Vaults:3 | 45383 ||| Stepping ~*~*~tactically~*~*~ (hiding).
 45465 | Vaults:3 | 45465 ||| Stepping ~*~*~tactically~*~*~ (stealth).
 45466 | Vaults:3 | 45466 ||| Stepping ~*~*~tactically~*~*~ (stealth).
 45468 | Vaults:3 | 45468 ||| Stepping ~*~*~tactically~*~*~ (hiding).
 45656 | Vaults:3 | 45656 ||| Stepping ~*~*~tactically~*~*~ (hiding).
 45707 | Vaults:3 | 45707 ||| Stepping ~*~*~tactically~*~*~ (hiding).
 45814 | Vaults:3 | 45814 ||| INVOKING Trog's Hand.
 45848 | Vaults:3 | 45848 ||| DROPPING +6 ring of dexterity.
 45884 | Vaults:4 | 45884 ||| FLEEEEING.
 45885 | Vaults:4 | 45885 ||| FLEEEEING.
 45886 | Vaults:4 | 45886 ||| FLEEEEING.
 45887 | Vaults:4 | 45887 ||| FLEEEEING.
 45888 | Vaults:4 | 45888 ||| FLEEEEING.
 45890 | Vaults:4 | 45890 ||| FLEEEEING.
 45892 | Vaults:4 | 45892 ||| STAIRDANCE
 45970 | Vaults:4 | 45970 ||| INVOKING Brothers in Arms.
 45972 | Vaults:4 | 45972 ||| INVOKING Berserk.
 46088 | Vaults:4 | 46088 ||| Stepping ~*~*~tactically~*~*~ (hiding).
 46112 | Vaults:4 | 46112 ||| Stepping ~*~*~tactically~*~*~ (hiding).
 46142 | Vaults:4 | 46142 ||| Stepping ~*~*~tactically~*~*~ (stealth).
 46164 | Vaults:4 | Reached skill level 21 in Fighting
 46202 | Vaults:4 | Reached skill level 18 in Shields
 46213 | Vaults:4 | 46213 ||| Stepping ~*~*~tactically~*~*~ (stealth).
 46215 | Vaults:4 | 46215 ||| Stepping ~*~*~tactically~*~*~ (hiding).
 46217 | Vaults:4 | 46217 ||| Stepping ~*~*~tactically~*~*~ (hiding).
 46221 | Vaults:4 | 46221 ||| INVOKING Trog's Hand.
 46361 | Vaults:4 | 46361 ||| Stepping ~*~*~tactically~*~*~ (hiding).
 46362 | Vaults:4 | 46362 ||| Stepping ~*~*~tactically~*~*~ (hiding).
 46366 | Vaults:4 | 46366 ||| Stepping ~*~*~tactically~*~*~ (stealth).
 46378 | Vaults:4 | 46378 ||| Stepping ~*~*~tactically~*~*~ (stealth).
 46380 | Vaults:4 | 46380 ||| Stepping ~*~*~tactically~*~*~ (stealth).
 46594 | Vaults:4 | Found a runed translucent gate.
 46594 | Vaults:4 | Found an ancient bone altar of Kikubaaqudgha.
 46594 | Vaults:4 | Found a runed translucent gate.
 46595 | Vaults:4 | Found a runed translucent gate.
 46595 | Vaults:4 | Noticed a dread lich
 46595 | Vaults:4 | Noticed qw's ghost (adept MiBe)
 46667 | Vaults:4 | 46667 ||| Stepping ~*~*~tactically~*~*~ (stealth).
 46696 | Vaults:4 | 46696 ||| Stepping ~*~*~tactically~*~*~ (stealth).
 46701 | Vaults:4 | 46701 ||| Stepping ~*~*~tactically~*~*~ (stealth).
 46763 | Vaults:4 | 46763 ||| READING scroll of enchant armour.
 46763 | Vaults:4 | 46763 ||| ENCHANTING +2 crystal plate armour.
 46782 | Vaults:4 | 46782 ||| INVOKING Trog's Hand.
 46801 | Vaults:4 | 46801 ||| INVOKING Brothers in Arms.
 46802 | Vaults:4 | 46802 ||| INVOKING Berserk.
 46804 | Vaults:4 | Reached skill level 24 in Armour
 46997 | Vaults:4 | Found Alamaf's Antique Armour Shop.
 47003 | Vaults:4 | 47003 ||| BUYING embroidered cloak (277 gold).
 47003 | Vaults:4 | Bought an embroidered cloak for 277 gold pieces
 47241 | Vaults:4 | Found a portal to a secret trove of treasure.
 47399 | Vaults:4 | 47399 ||| PLANNING SHOALS:4
 47399 | Vaults:4 | 47399 ||| DROPPING +2 cloak of preservation.
 47652 | Shoals:4 | Entered Level 4 of the Shoals
 47652 | Shoals:4 | Found a runed translucent gate.
 47652 | Shoals:4 | Found a runed translucent gate.
 47652 | Shoals:4 | Found a runed translucent gate.
 47666 | Shoals:4 | 47666 ||| INVOKING Berserk.
 47683 | Shoals:4 | 47683 ||| INVOKING Brothers in Arms.
 47684 | Shoals:4 | 47684 ||| INVOKING Trog's Hand.
 47801 | Shoals:4 | Got a barnacled rune of Zot
 47804 | Shoals:4 | 47804 ||| DROPPING +6 war axe "Galumuha" {antimagic, rPois
                  | Dex+4}.
 47828 | Shoals:4 | Reached XP level 20. HP: 198/198 MP: 19/19
 47888 | Shoals:4 | Received a gift from Trog
 47892 | Shoals:4 | 47892 ||| FLEEEEING.
 47893 | Shoals:4 | 47893 ||| FLEEEEING.
 47894 | Shoals:4 | 47894 ||| FLEEEEING.
 47895 | Shoals:4 | 47895 ||| FLEEEEING.
 47896 | Shoals:4 | 47896 ||| STAIRDANCE
 48007 | Shoals:4 | 48007 ||| INVOKING Brothers in Arms.
 48016 | Shoals:4 | 48016 ||| INVOKING Berserk.
 48054 | Shoals:4 | 48054 ||| FLEEEEING.
 48132 | Shoals:4 | 48132 ||| INVOKING Brothers in Arms.
 48133 | Shoals:4 | 48133 ||| INVOKING Brothers in Arms.
 48136 | Shoals:4 | 48136 ||| INVOKING Berserk.
 48212 | Shoals:4 | Noticed qw's ghost (adept MiBe)
 48212 | Shoals:4 | Noticed qw's ghost (adept MiBe)
 48236 | Shoals:4 | 48236 ||| INVOKING Trog's Hand.
 48239 | Shoals:4 | 48239 ||| Stepping ~*~*~tactically~*~*~ (water).
 48525 | Shoals:4 | 48525 ||| FLEEEEING.
 48526 | Shoals:4 | 48526 ||| FLEEEEING.
 48527 | Shoals:4 | 48527 ||| FLEEEEING.
 48528 | Shoals:4 | 48528 ||| FLEEEEING.
 48529 | Shoals:4 | 48529 ||| FLEEEEING.
 48530 | Shoals:4 | 48530 ||| Stepping ~*~*~tactically~*~*~ (hiding).
 48957 | Shoals:4 | 48957 ||| PLANNING DEPTHS
 49185 | Depths:1 | Entered Level 1 of the Depths
 49195 | Depths:1 | 49195 ||| INVOKING Brothers in Arms.
 49311 | Depths:1 | 49311 ||| Stepping ~*~*~tactically~*~*~ (stealth).
 49319 | Depths:1 | 49319 ||| Stepping ~*~*~tactically~*~*~ (stealth).
 49321 | Depths:1 | Identified the ring of Divine Intervention {Fire rPois
                  | Int+3 Dex-4 Stlth+}
 49359 | Depths:1 | 49359 ||| Stepping ~*~*~tactically~*~*~ (stealth).
 49360 | Depths:1 | 49360 ||| Stepping ~*~*~tactically~*~*~ (stealth).
 49361 | Depths:1 | 49361 ||| Stepping ~*~*~tactically~*~*~ (hiding).
 49393 | Depths:1 | 49393 ||| Stepping ~*~*~tactically~*~*~ (hiding).
 49394 | Depths:1 | 49394 ||| Stepping ~*~*~tactically~*~*~ (hiding).
 49395 | Depths:1 | 49395 ||| Stepping ~*~*~tactically~*~*~ (hiding).
 49396 | Depths:1 | 49396 ||| Stepping ~*~*~tactically~*~*~ (hiding).
 49397 | Depths:1 | 49397 ||| INVOKING Brothers in Arms.
 49398 | Depths:1 | 49398 ||| INVOKING Berserk.
 49715 | Depths:1 | Found a one-way gate to the infinite horrors of the Abyss.
 49878 | Depths:1 | Found a gateway to Hell.
 49905 | Depths:1 | Reached skill level 12 in Throwing
 50137 | Depths:1 | 50137 ||| INVOKING Berserk.
 50268 | Depths:1 | 50268 ||| READING scroll of enchant armour.
 50268 | Depths:1 | 50268 ||| ENCHANTING +3 crystal plate armour.
 50300 | Depths:1 | 50300 ||| DROPPING ring of Divine Intervention {Fire rPois
                  | Int+3 Dex-4 Stlth+}.
 50346 | Depths:2 | Reached skill level 25 in Armour
 50487 | Depths:2 | 50487 ||| INVOKING Brothers in Arms.
 50488 | Depths:2 | Noticed a caustic shrike
 50489 | Depths:2 | 50489 ||| INVOKING Brothers in Arms.
 50490 | Depths:2 | 50490 ||| INVOKING Berserk.
 50505 | Depths:2 | Killed a caustic shrike
 50589 | Depths:2 | 50589 ||| Stepping ~*~*~tactically~*~*~ (stealth).
 50590 | Depths:2 | 50590 ||| Stepping ~*~*~tactically~*~*~ (stealth).
 50666 | Depths:2 | 50666 ||| Stepping ~*~*~tactically~*~*~ (hiding).
 50898 | Depths:2 | Found a glowing golden altar of the Shining One.
 50958 | Depths:2 | 50958 ||| DROPPING +1 cloak.
 50959 | Depths:2 | 50959 ||| READING 5 scrolls of teleportation.
 50960 | Depths:2 | 50960 ||| FLEEEEING.
 50961 | Depths:2 | 50961 ||| FLEEEEING.
 50962 | Depths:2 | 50962 ||| FLEEEEING.
 51076 | Depths:2 | 51076 ||| INVOKING Berserk.
 51249 | Depths:2 | 51249 ||| Stepping ~*~*~tactically~*~*~ (stealth).
 51251 | Depths:2 | 51251 ||| Stepping ~*~*~tactically~*~*~ (hiding).
 51252 | Depths:2 | 51252 ||| Stepping ~*~*~tactically~*~*~ (hiding).
 51504 | Depths:2 | 51504 ||| INVOKING Berserk.
 51745 | Depths:2 | 51745 ||| INVOKING Brothers in Arms.
 51746 | Depths:2 | 51746 ||| INVOKING Brothers in Arms.
 51747 | Depths:2 | 51747 ||| INVOKING Brothers in Arms.
 51749 | Depths:2 | 51749 ||| INVOKING Berserk.
 51923 | Depths:2 | Found a one-way gate leading to the halls of Pandemonium.
 51966 | Depths:3 | 51966 ||| FLEEEEING.
 51968 | Depths:3 | 51968 ||| STAIRDANCE
 52073 | Depths:3 | 52073 ||| Stepping ~*~*~tactically~*~*~ (stealth).
 52074 | Depths:3 | 52074 ||| Stepping ~*~*~tactically~*~*~ (stealth).
 52075 | Depths:3 | 52075 ||| Stepping ~*~*~tactically~*~*~ (hiding).
 52082 | Depths:3 | 52082 ||| INVOKING Berserk.
 52096 | Depths:3 | 52096 ||| Stepping ~*~*~tactically~*~*~ (hiding).
 52097 | Depths:3 | 52097 ||| Stepping ~*~*~tactically~*~*~ (hiding).
 52240 | Depths:3 | 52240 ||| Stepping ~*~*~tactically~*~*~ (hiding).
 52329 | Depths:3 | 52329 ||| Stepping ~*~*~tactically~*~*~ (hiding).
 52399 | Depths:3 | 52399 ||| Stepping ~*~*~tactically~*~*~ (hiding).
 52400 | Depths:3 | 52400 ||| Stepping ~*~*~tactically~*~*~ (hiding).
 52403 | Depths:3 | 52403 ||| INVOKING Berserk.
 52466 | Depths:3 | 52466 ||| Stepping ~*~*~tactically~*~*~ (hiding).
 52508 | Depths:3 | 52508 ||| Stepping ~*~*~tactically~*~*~ (hiding).
 52519 | Depths:3 | 52519 ||| Stepping ~*~*~tactically~*~*~ (stealth).
 52520 | Depths:3 | 52520 ||| INVOKING Berserk.
 52534 | Depths:3 | Reached XP level 21. HP: 207/207 MP: 0/20
 52552 | Depths:3 | 52552 ||| Stepping ~*~*~tactically~*~*~ (cloud).
 52554 | Depths:3 | 52554 ||| Stepping ~*~*~tactically~*~*~ (cloud).
 52687 | Depths:3 | 52687 ||| Stepping ~*~*~tactically~*~*~ (hiding).
 52742 | Depths:3 | 52742 ||| Stepping ~*~*~tactically~*~*~ (hiding).
 52746 | Depths:3 | 52746 ||| DRINKING potion of resistance.
 52788 | Depths:3 | 52788 ||| Stepping ~*~*~tactically~*~*~ (stealth).
 52791 | Depths:3 | 52791 ||| INVOKING Berserk.
 52981 | Depths:3 | 52981 ||| Stepping ~*~*~tactically~*~*~ (hiding).
 52983 | Depths:3 | 52983 ||| INVOKING Berserk.
 53118 | Depths:3 | 53118 ||| INVOKING Berserk.
 53198 | Depths:3 | 53198 ||| Stepping ~*~*~tactically~*~*~ (stealth).
 53200 | Depths:3 | 53200 ||| Stepping ~*~*~tactically~*~*~ (hiding).
 53394 | Depths:3 | 53394 ||| Stepping ~*~*~tactically~*~*~ (hiding).
 53396 | Depths:3 | 53396 ||| Stepping ~*~*~tactically~*~*~ (hiding).
 53411 | Depths:3 | 53411 ||| FLEEEEING.
 53415 | Depths:3 | 53415 ||| FLEEEEING.
 53416 | Depths:3 | 53416 ||| FLEEEEING.
 53417 | Depths:3 | 53417 ||| FLEEEEING.
 53418 | Depths:3 | 53418 ||| FLEEEEING.
 53420 | Depths:3 | 53420 ||| FLEEEEING.
 53421 | Depths:3 | 53421 ||| FLEEEEING.
 53422 | Depths:3 | 53422 ||| FLEEEEING.
 53428 | Depths:3 | 53428 ||| INVOKING Berserk.
 53566 | Depths:3 | 53566 ||| Stepping ~*~*~tactically~*~*~ (stealth).
 53567 | Depths:3 | 53567 ||| Stepping ~*~*~tactically~*~*~ (stealth).
 53569 | Depths:3 | 53569 ||| INVOKING Trog's Hand.
 53572 | Depths:3 | 53572 ||| INVOKING Berserk.
 53694 | Depths:3 | 53694 ||| READING scroll of enchant armour.
 53694 | Depths:3 | 53694 ||| ENCHANTING +4 crystal plate armour.
 53709 | Depths:3 | 53709 ||| Stepping ~*~*~tactically~*~*~ (stealth).
 53710 | Depths:3 | 53710 ||| Stepping ~*~*~tactically~*~*~ (stealth).
 53711 | Depths:3 | 53711 ||| INVOKING Berserk.
 53889 | Depths:3 | 53889 ||| Stepping ~*~*~tactically~*~*~ (hiding).
 54065 | Depths:3 | Noticed a golden dragon
 54066 | Depths:3 | 54066 ||| Stepping ~*~*~tactically~*~*~ (hiding).
 54070 | Depths:3 | 54070 ||| INVOKING Berserk.
 54076 | Depths:3 | Killed a golden dragon
 54269 | Depths:3 | 54269 ||| Stepping ~*~*~tactically~*~*~ (stealth).
 54274 | Depths:3 | 54274 ||| Stepping ~*~*~tactically~*~*~ (hiding).
 54473 | Depths:4 | Entered Level 4 of the Depths
 54475 | Depths:4 | Noticed Sojobo
 54477 | Depths:4 | 54477 ||| INVOKING Berserk.
 54491 | Depths:4 | Killed Sojobo
 54613 | Depths:4 | Reached skill level 26 in Armour
 54973 | Depths:4 | 54973 ||| INVOKING Berserk.
 55159 | Depths:4 | 55159 ||| INVOKING Berserk.
 55281 | Depths:4 | Found a one-way gateway to a ziggurat.
 55283 | Depths:4 | 55283 ||| FLEEEEING.
 55284 | Depths:4 | 55284 ||| FLEEEEING.
 55286 | Depths:4 | 55286 ||| FLEEEEING.
 55287 | Depths:4 | 55287 ||| FLEEEEING.
 55290 | Depths:4 | 55290 ||| FLEEEEING.
 55291 | Depths:4 | 55291 ||| FLEEEEING.
 55292 | Depths:4 | 55292 ||| FLEEEEING.
 55293 | Depths:4 | 55293 ||| FLEEEEING.
 55294 | Depths:4 | 55294 ||| FLEEEEING.
 55295 | Depths:4 | 55295 ||| FLEEEEING.
 55296 | Depths:4 | 55296 ||| FLEEEEING.
 55297 | Depths:4 | 55297 ||| FLEEEEING.
 55309 | Depths:4 | 55309 ||| FLEEEEING.
 55337 | Depths:4 | 55337 ||| Stepping ~*~*~tactically~*~*~ (hiding).
 55463 | Depths:4 | 55463 ||| Stepping ~*~*~tactically~*~*~ (hiding).
 55464 | Depths:4 | 55464 ||| Stepping ~*~*~tactically~*~*~ (hiding).
 55465 | Depths:4 | 55465 ||| INVOKING Trog's Hand.
 55597 | Depths:4 | 55597 ||| Stepping ~*~*~tactically~*~*~ (hiding).
 55914 | Depths:4 | Identified the +1 robe "Somacaru" {rF- Regen+ Int+6}
 56010 | Depths:4 | Found a gate to the Realm of Zot.
 56012 | Depths:4 | 56012 ||| PLANNING VAULTS:5
 56234 | Vaults:5 | Entered Level 5 of the Vaults
 56236 | Vaults:5 | 56236 ||| STAIRDANCE
 56248 | Vaults:4 | Received a gift from Trog
 56276 | Vaults:4 | 56276 ||| DROPPING +1 antimagic war axe.
 56332 | Vaults:5 | 56332 ||| STAIRDANCE
 56533 | Vaults:5 | 56533 ||| STAIRDANCE
 56813 | Vaults:5 | 56813 ||| STAIRDANCE
 56815 | Vaults:4 | 56815 ||| INVOKING Berserk.
 56996 | Vaults:5 | 56996 ||| STAIRDANCE
 57082 | Vaults:5 | 57082 ||| INVOKING Berserk.
 57104 | Vaults:5 | Noticed an ancient lich
 57107 | Vaults:5 | 57107 ||| INVOKING Trog's Hand.
 57108 | Vaults:5 | 57108 ||| Stepping ~*~*~tactically~*~*~ (hiding).
 57110 | Vaults:5 | 57110 ||| INVOKING Brothers in Arms.
 57124 | Vaults:5 | Killed an ancient lich
 57125 | Vaults:5 | Reached skill level 15 in Dodging
 57126 | Vaults:5 | 57126 ||| INVOKING Brothers in Arms.
 57128 | Vaults:5 | 57128 ||| INVOKING Trog's Hand.
 57141 | Vaults:5 | Reached XP level 22. HP: 57/220 MP: 21/21
 57143 | Vaults:5 | 57143 ||| INVOKING Brothers in Arms.
 57152 | Vaults:5 | 57152 ||| INVOKING Trog's Hand.
 57153 | Vaults:5 | HP: 51/222 [yaktaur captain/bolt (15)]
 57154 | Vaults:5 | 57154 ||| Stepping ~*~*~tactically~*~*~ (hiding).
 57155 | Vaults:5 | 57155 ||| READING 7 scrolls of teleportation.
 57156 | Vaults:5 | 57156 ||| DRINKING 7 potions of heal wounds.
 57158 | Vaults:5 | 57158 ||| DRINKING 6 potions of heal wounds.
 57160 | Vaults:5 | 57160 ||| INVOKING Berserk.
 57176 | Vaults:5 | Noticed a golden dragon
 57178 | Vaults:5 | HP: 55/222 [golden dragon (22)]
 57179 | Vaults:5 | 57179 ||| READING 6 scrolls of teleportation.
 57180 | Vaults:5 | 57180 ||| DRINKING 5 potions of heal wounds.
 57370 | Vaults:5 | 57370 ||| INVOKING Trog's Hand.
 57472 | Vaults:5 | 57472 ||| Stepping ~*~*~tactically~*~*~ (stealth).
 57474 | Vaults:5 | 57474 ||| Stepping ~*~*~tactically~*~*~ (stealth).
 57480 | Vaults:5 | 57480 ||| INVOKING Trog's Hand.
 57488 | Vaults:5 | 57488 ||| Stepping ~*~*~tactically~*~*~ (stealth).
 57548 | Vaults:5 | 57548 ||| FLEEEEING.
 57549 | Vaults:5 | 57549 ||| FLEEEEING.
 57550 | Vaults:5 | 57550 ||| FLEEEEING.
 57551 | Vaults:5 | 57551 ||| Stepping ~*~*~tactically~*~*~ (hiding).
 57557 | Vaults:5 | 57557 ||| INVOKING Berserk.
 57578 | Vaults:5 | Reached skill level 24 in Fighting
 57590 | Vaults:5 | Identified the ring "Raqacinu" {Wiz Int+3}
 57591 | Vaults:5 | 57591 ||| INVOKING Trog's Hand.
 57604 | Vaults:5 | Noticed a dread lich
 57605 | Vaults:5 | 57605 ||| INVOKING Trog's Hand.
 57608 | Vaults:5 | Paralysed by a dread lich for 2 turns
 57609 | Vaults:5 | Noticed a dread lich
 57614 | Vaults:5 | 57614 ||| DRINKING potion of resistance.
 57619 | Vaults:5 | 57619 ||| INVOKING Trog's Hand.
 57621 | Vaults:5 | HP: 39/207 [???[a dread lich] (30)]
 57622 | Vaults:5 | 57622 ||| READING 6 scrolls of teleportation.
 57623 | Vaults:5 | 57623 ||| DRINKING 4 potions of heal wounds.
 57791 | Vaults:5 | 57791 ||| INVOKING Berserk.
 57860 | Vaults:5 | 57860 ||| INVOKING Trog's Hand.
 57862 | Vaults:5 | 57862 ||| FLEEEEING.
 57863 | Vaults:5 | 57863 ||| STAIRDANCE
 58077 | Vaults:4 | 58077 ||| UPGRADING to +2 kite shield of protection.
 58087 | Vaults:4 | 58087 ||| DROPPING +2 kite shield of cold resistance.
 58117 | Vaults:5 | 58117 ||| INVOKING Trog's Hand.
 58118 | Vaults:5 | 58118 ||| INVOKING Berserk.
 58151 | Vaults:5 | 58151 ||| INVOKING Trog's Hand.
 58176 | Vaults:5 | 58176 ||| Stepping ~*~*~tactically~*~*~ (hiding).
 58178 | Vaults:5 | 58178 ||| Stepping ~*~*~tactically~*~*~ (hiding).
 58200 | Vaults:5 | 58200 ||| FLEEEEING.
 58201 | Vaults:5 | 58201 ||| FLEEEEING.
 58205 | Vaults:5 | 58205 ||| STAIRDANCE
 58540 | Vaults:5 | 58540 ||| Stepping ~*~*~tactically~*~*~ (stealth).
 58543 | Vaults:5 | 58543 ||| Stepping ~*~*~tactically~*~*~ (hiding).
 58546 | Vaults:5 | 58546 ||| INVOKING Berserk.
 58558 | Vaults:5 | 58558 ||| Stepping ~*~*~tactically~*~*~ (hiding).
 58559 | Vaults:5 | 58559 ||| INVOKING Trog's Hand.
 58576 | Vaults:5 | 58576 ||| INVOKING Trog's Hand.
 58579 | Vaults:5 | Paralysed by a dread lich for 5 turns
 58584 | Vaults:5 | Identified the ring "Ran Wisk" {Str+4 Int+3 Slay+4 SInv}
 58586 | Vaults:5 | Identified the +10 arbalest "Wezeno" {freeze, Int+2 Stlth+}
 58586 | Vaults:5 | Identified the +1 chain mail of the Five Knives {rC- Str+5}
 58597 | Vaults:5 | Killed a dread lich
 58601 | Vaults:5 | 58601 ||| INVOKING Berserk.
 58602 | Vaults:5 | Noticed a dread lich
 58602 | Vaults:5 | Killed a golden dragon
 58603 | Vaults:5 | Killed a dread lich
 58606 | Vaults:5 | Reached skill level 27 in Armour
 58611 | Vaults:5 | Killed a dread lich
 58622 | Vaults:5 | 58622 ||| DRINKING 27 potions of curing.
 58622 | Vaults:5 | 58622 ||| (to cure confusion)
 58622 | Vaults:5 | HP: 56/226 [iron dragon (13)]
 58623 | Vaults:5 | 58623 ||| READING 5 scrolls of teleportation.
 58625 | Vaults:5 | 58625 ||| DRINKING 3 potions of heal wounds.
 58643 | Vaults:5 | 58643 ||| Stepping ~*~*~tactically~*~*~ (hiding).
 58651 | Vaults:5 | 58651 ||| INVOKING Trog's Hand.
 58656 | Vaults:5 | HP: 42/226 [titan/the air (24)]
 58657 | Vaults:5 | 58657 ||| READING 4 scrolls of teleportation.
 58658 | Vaults:5 | 58658 ||| DRINKING 2 potions of heal wounds.
 59136 | Vaults:5 | 59136 ||| INVOKING Berserk.
 59633 | Vaults:5 | Got a silver rune of Zot
 59701 | Vaults:5 | 59701 ||| INVOKING Trog's Hand.
 59888 | Vaults:5 | 59888 ||| DROPPING +0 war axe of freezing.
 60035 | Vaults:5 | 60035 ||| PLANNING SHOPPING SPREE
 60035 | Vaults:5 | 60035 ||| DROPPING ring of fire.
 60036 | Vaults:5 | 60036 ||| UPGRADING to ring "Ran Wisk" {Str+4 Int+3 Slay+4
                  | SInv}.
 60038 | Vaults:5 | 60038 ||| SWAPPING to +1 broad axe of electrocution.
 60039 | Vaults:5 | 60039 ||| READING 8 scrolls of enchant weapon.
 60039 | Vaults:5 | 60039 ||| ENCHANTING +1 broad axe of electrocution.
 60040 | Vaults:5 | 60040 ||| READING 7 scrolls of enchant weapon.
 60040 | Vaults:5 | 60040 ||| ENCHANTING +2 broad axe of electrocution.
 60041 | Vaults:5 | 60041 ||| READING 6 scrolls of enchant weapon.
 60041 | Vaults:5 | 60041 ||| ENCHANTING +3 broad axe of electrocution.
 60042 | Vaults:5 | 60042 ||| READING 5 scrolls of enchant weapon.
 60042 | Vaults:5 | 60042 ||| ENCHANTING +4 broad axe of electrocution.
 60043 | Vaults:5 | 60043 ||| READING 4 scrolls of enchant weapon.
 60043 | Vaults:5 | 60043 ||| ENCHANTING +5 broad axe of electrocution.
 60044 | Vaults:5 | 60044 ||| READING 3 scrolls of enchant weapon.
 60044 | Vaults:5 | 60044 ||| ENCHANTING +6 broad axe of electrocution.
 60045 | Vaults:5 | 60045 ||| READING 2 scrolls of enchant weapon.
 60045 | Vaults:5 | 60045 ||| ENCHANTING +7 broad axe of electrocution.
 60046 | Vaults:5 | 60046 ||| READING scroll of enchant weapon.
 60046 | Vaults:5 | 60046 ||| ENCHANTING +8 broad axe of electrocution.
 60047 | Vaults:5 | 60047 ||| READING 3 scrolls of brand weapon.
 60047 | Vaults:5 | 60047 ||| BRANDING +9 broad axe of electrocution.
 60048 | Vaults:5 | 60048 ||| READING 2 scrolls of brand weapon.
 60048 | Vaults:5 | 60048 ||| BRANDING +9 broad axe of flaming.
 60049 | Vaults:5 | 60049 ||| READING scroll of brand weapon.
 60049 | Vaults:5 | 60049 ||| BRANDING +9 broad axe of draining.
 60050 | Vaults:5 | 60050 ||| DROPPING +4 ring of slaying {mikee}.
 60222 | Orc:2    | 60222 ||| BUYING potion of curing (51 gold).
 60222 | Orc:2    | Bought a potion of curing for 51 gold pieces
 60222 | Orc:2    | 60222 ||| BUYING potion of might (68 gold).
 60222 | Orc:2    | Bought a potion of might for 68 gold pieces
 60222 | Orc:2    | 60222 ||| BUYING potion of might (68 gold).
 60222 | Orc:2    | Bought a potion of might for 68 gold pieces
 60222 | Orc:2    | 60222 ||| BUYING potion of mutation (136 gold).
 60222 | Orc:2    | Bought a potion of mutation for 136 gold pieces
 60377 | D:5      | 60377 ||| BUYING scroll of teleportation (87 gold).
 60377 | D:5      | Bought a scroll of teleportation for 87 gold pieces
 60532 | Orc:2    | 60532 ||| BUYING pair of glowing gloves (210 gold).
 60532 | Orc:2    | Bought a pair of glowing gloves for 210 gold pieces
 60532 | Orc:2    | 60532 ||| DROPPING +0 pair of gloves of strength.
 60533 | Orc:2    | 60533 ||| PLANNING ZOT:1-4
 60791 | Zot:1    | Entered Level 1 of the Realm of Zot
 60796 | Zot:1    | 60796 ||| Stepping ~*~*~tactically~*~*~ (hiding).
 60799 | Zot:1    | 60799 ||| INVOKING Berserk.
 60895 | Zot:1    | 60895 ||| Stepping ~*~*~tactically~*~*~ (stealth).
 60897 | Zot:1    | 60897 ||| Stepping ~*~*~tactically~*~*~ (hiding).
 60909 | Zot:1    | Noticed Parghit
 60913 | Zot:1    | 60913 ||| INVOKING Berserk.
 60990 | Zot:1    | 60990 ||| INVOKING Berserk.
 60997 | Zot:1    | Killed Parghit
 61140 | Zot:1    | 61140 ||| Stepping ~*~*~tactically~*~*~ (stealth).
 61346 | Zot:1    | 61346 ||| Stepping ~*~*~tactically~*~*~ (stealth).
 61347 | Zot:1    | 61347 ||| Stepping ~*~*~tactically~*~*~ (stealth).
 61436 | Zot:1    | Noticed a golden dragon
 61438 | Zot:1    | 61438 ||| INVOKING Berserk.
 61443 | Zot:1    | Killed a golden dragon
 61619 | Zot:1    | 61619 ||| Stepping ~*~*~tactically~*~*~ (hiding).
 61620 | Zot:1    | 61620 ||| Stepping ~*~*~tactically~*~*~ (hiding).
 61632 | Zot:1    | 61632 ||| INVOKING Berserk.
 61967 | Zot:1    | 61967 ||| Stepping ~*~*~tactically~*~*~ (stealth).
 62003 | Zot:1    | 62003 ||| Stepping ~*~*~tactically~*~*~ (hiding).
 62004 | Zot:1    | 62004 ||| INVOKING Berserk.
 62166 | Zot:1    | 62166 ||| INVOKING Berserk.
 62170 | Zot:1    | Reached XP level 23. HP: 234/234 MP: 22/22
 62277 | Zot:1    | 62277 ||| INVOKING Berserk.
 62578 | Zot:1    | Found a transporter.
 62584 | Zot:1    | Noticed qw's ghost (veteran MiBe)
 62586 | Zot:1    | Noticed an ancient lich
 62598 | Zot:1    | Noticed an ancient lich
 62604 | Zot:1    | Found a transporter.
 62833 | Zot:1    | 62833 ||| UPGRADING to +8 gold dragon scales.
 62843 | Zot:1    | 62843 ||| DROPPING +0 gold dragon scales.
 62898 | Zot:2    | 62898 ||| INVOKING Berserk.
 62918 | Zot:2    | 62918 ||| STAIRDANCE
 63187 | Zot:2    | 63187 ||| INVOKING Berserk.
 63442 | Zot:2    | Noticed a curse toe
 63449 | Zot:2    | 63449 ||| FLEEEEING.
 63453 | Zot:2    | 63453 ||| INVOKING Berserk.
 63462 | Zot:2    | HP: 34/236 [??? (32)]
 63463 | Zot:2    | 63463 ||| READING 7 scrolls of teleportation.
 63464 | Zot:2    | 63464 ||| DRINKING potion of heal wounds.
 63467 | Zot:2    | Killed a curse toe
 64082 | Zot:2    | 64082 ||| READING scroll of brand weapon.
 64082 | Zot:2    | 64082 ||| BRANDING +9 broad axe of flaming.
 64083 | Zot:2    | 64083 ||| DROPPING +1 war axe of Etati {freeze, rF+ rN+
                  | Str+4 SInv}.
 64310 | Zot:2    | 64310 ||| INVOKING Berserk.
 64556 | Zot:2    | 64556 ||| DROPPING ring of resist corrosion.
 64601 | Zot:3    | 64601 ||| INVOKING Berserk.
 64690 | Zot:3    | 64690 ||| INVOKING Berserk.
 64845 | Zot:3    | Identified the +8 morningstar of Fimbulwinter {pain, Int+5}
 64950 | Zot:3    | 64950 ||| INVOKING Berserk.
 65114 | Zot:3    | 65114 ||| Stepping ~*~*~tactically~*~*~ (stealth).
 65115 | Zot:3    | 65115 ||| INVOKING Berserk.
 65253 | Zot:3    | 65253 ||| Stepping ~*~*~tactically~*~*~ (stealth).
 65254 | Zot:3    | 65254 ||| Stepping ~*~*~tactically~*~*~ (stealth).
 65257 | Zot:3    | 65257 ||| INVOKING Berserk.
 65313 | Zot:3    | 65313 ||| Stepping ~*~*~tactically~*~*~ (stealth).
 65314 | Zot:3    | 65314 ||| Stepping ~*~*~tactically~*~*~ (stealth).
 65315 | Zot:3    | 65315 ||| Stepping ~*~*~tactically~*~*~ (stealth).
 65327 | Zot:3    | 65327 ||| INVOKING Berserk.
 65479 | Zot:3    | 65479 ||| INVOKING Berserk.
 65485 | Zot:3    | Reached skill level 15 in Throwing
 65507 | Zot:3    | 65507 ||| Stepping ~*~*~tactically~*~*~ (hiding).
 65509 | Zot:3    | 65509 ||| Stepping ~*~*~tactically~*~*~ (hiding).
 65626 | Zot:3    | 65626 ||| Stepping ~*~*~tactically~*~*~ (stealth).
 65634 | Zot:3    | 65634 ||| INVOKING Berserk.
 65758 | Zot:3    | 65758 ||| Stepping ~*~*~tactically~*~*~ (hiding).
 65759 | Zot:3    | 65759 ||| Stepping ~*~*~tactically~*~*~ (hiding).
 65762 | Zot:3    | 65762 ||| INVOKING Berserk.
 65788 | Zot:3    | 65788 ||| Stepping ~*~*~tactically~*~*~ (stealth).
 65896 | Zot:3    | 65896 ||| INVOKING Berserk.
 66053 | Zot:3    | 66053 ||| Stepping ~*~*~tactically~*~*~ (stealth).
 66054 | Zot:3    | Found the +8 demon trident "Rift" {distort, reach+}
 66056 | Zot:3    | 66056 ||| INVOKING Berserk.
 66179 | Zot:3    | Identified the +4 war axe of Plunder {elec, Int+4}
 66267 | Zot:3    | 66267 ||| DROPPING +4 ring of evasion.
 66320 | Zot:4    | 66320 ||| Stepping ~*~*~tactically~*~*~ (hiding).
 66322 | Zot:4    | 66322 ||| Stepping ~*~*~tactically~*~*~ (hiding).
 66324 | Zot:4    | 66324 ||| Stepping ~*~*~tactically~*~*~ (hiding).
 66478 | Zot:4    | 66478 ||| INVOKING Berserk.
 66669 | Zot:4    | 66669 ||| FLEEEEING.
 66670 | Zot:4    | 66670 ||| FLEEEEING.
 66671 | Zot:4    | 66671 ||| FLEEEEING.
 66672 | Zot:4    | 66672 ||| FLEEEEING.
 66673 | Zot:4    | 66673 ||| FLEEEEING.
 66674 | Zot:4    | 66674 ||| FLEEEEING.
 66675 | Zot:4    | 66675 ||| FLEEEEING.
 66676 | Zot:4    | 66676 ||| FLEEEEING.
 66677 | Zot:4    | 66677 ||| FLEEEEING.
 66678 | Zot:4    | 66678 ||| FLEEEEING.
 66679 | Zot:4    | 66679 ||| FLEEEEING.
 66680 | Zot:4    | 66680 ||| FLEEEEING.
 66681 | Zot:4    | 66681 ||| FLEEEEING.
 66760 | Zot:4    | 66760 ||| Stepping ~*~*~tactically~*~*~ (stealth).
 66762 | Zot:4    | 66762 ||| Stepping ~*~*~tactically~*~*~ (hiding).
 66899 | Zot:4    | 66899 ||| INVOKING Berserk.
 67085 | Zot:4    | 67085 ||| INVOKING Berserk.
 67232 | Zot:4    | 67232 ||| INVOKING Berserk.
 67271 | Zot:4    | Received a gift from Trog
 67302 | Zot:4    | 67302 ||| FLEEEEING.
 67303 | Zot:4    | 67303 ||| FLEEEEING.
 67304 | Zot:4    | 67304 ||| FLEEEEING.
 67305 | Zot:4    | 67305 ||| FLEEEEING.
 67315 | Zot:4    | 67315 ||| STAIRDANCE
 67475 | Zot:4    | 67475 ||| INVOKING Brothers in Arms.
 67477 | Zot:4    | 67477 ||| INVOKING Berserk.
 67585 | Zot:4    | 67585 ||| DROPPING +3 antimagic broad axe.
 67719 | Zot:4    | 67719 ||| INVOKING Berserk.
 67736 | Zot:4    | 67736 ||| STAIRDANCE
 67840 | Zot:4    | 67840 ||| PLANNING ORB
 67842 | Zot:5    | Entered Level 5 of the Realm of Zot
 67843 | Zot:5    | 67843 ||| Stepping ~*~*~tactically~*~*~ (hiding).
 67850 | Zot:5    | 67850 ||| INVOKING Berserk.
 67855 | Zot:5    | Reached XP level 24. HP: 245/245 MP: 22/22
 67884 | Zot:5    | 67884 ||| STAIRDANCE
 68005 | Zot:5    | 68005 ||| STAIRDANCE
 68135 | Zot:5    | 68135 ||| Stepping ~*~*~tactically~*~*~ (hiding).
 68136 | Zot:5    | 68136 ||| Stepping ~*~*~tactically~*~*~ (hiding).
 68144 | Zot:5    | 68144 ||| Stepping ~*~*~tactically~*~*~ (hiding).
 68243 | Zot:5    | 68243 ||| INVOKING Berserk.
 68256 | Zot:5    | Reached skill level 1 in Evocations
 68491 | Zot:5    | 68491 ||| Stepping ~*~*~tactically~*~*~ (hiding).
 68492 | Zot:5    | 68492 ||| Stepping ~*~*~tactically~*~*~ (hiding).
 68495 | Zot:5    | 68495 ||| INVOKING Berserk.
 68781 | Zot:5    | Reached skill level 3 in Evocations
 68832 | Zot:5    | Noticed an ancient lich
 68833 | Zot:5    | 68833 ||| INVOKING Trog's Hand.
 68835 | Zot:5    | Noticed a dread lich
 68838 | Zot:5    | 68838 ||| INVOKING Berserk.
 68839 | Zot:5    | Noticed an orb of fire
 68840 | Zot:5    | Noticed an orb of fire
 68843 | Zot:5    | Noticed a Killer Klown
 68849 | Zot:5    | Noticed an orb of fire
 68852 | Zot:5    | Killed an ancient lich
 68860 | Zot:5    | 68860 ||| INVOKING Brothers in Arms.
 68863 | Zot:5    | Noticed a Killer Klown
 68867 | Zot:5    | Gained mutation: You are weak. (Str -2) [an orb of fire]
 68867 | Zot:5    | Noticed an orb of fire
 68869 | Zot:5    | Noticed a Killer Klown
 68870 | Zot:5    | Noticed an orb of fire
 68870 | Zot:5    | Gained mutation: Potions are less effective at restoring
                  | your health. [an orb of fire]
 68871 | Zot:5    | Gained mutation: You are dopey. (Int -2) [an orb of fire]
 68871 | Zot:5    | HP: 51/249 [golden dragon[a dread lich] (17)]
 68872 | Zot:5    | 68872 ||| READING 11 scrolls of teleportation.
 68873 | Zot:5    | 68873 ||| DRINKING 3 potions of heal wounds.
 68873 | Zot:5    | Gained mutation: You are partially covered in iridescent
                  | scales. (AC +2) [an orb of fire]
 68873 | Zot:5    | Gained mutation: Armour fits poorly on your strangely
                  | shaped body. [an orb of fire]
 68874 | Zot:5    | 68874 ||| DRINKING 2 potions of heal wounds.
 68874 | Zot:5    | Gained mutation: You are very weak. (Str -4) [an orb of
                  | fire]
 68875 | Zot:5    | 68875 ||| DRINKING potion of heal wounds.
 68875 | Zot:5    | Gained mutation: You occasionally shout uncontrollably at
                  | your foes. [an orb of fire]
 68876 | Zot:5    | HP: 38/249 [poisoned by a reaper]
 68876 | Zot:5    | Gained mutation: You have large cloven feet. [an orb of
                  | fire]
 68876 | Zot:5    | HP: 12/249 [Orb Guardian (18)]
 68877 | Zot:5    | Gained mutation: You are frail. (-10% HP) [an orb of fire]
 68877 | Zot:5    | Gained mutation: You expend magic power (3 MP) to
                  | strengthen your wands. [an orb of fire]
 68877 | Zot:5    | Mangled by an Orb Guardian

Levels and vault maps discovered:
D:1:      eino_arrival_cavern_d, layout_basic
D:2:      layout_rooms, nicolae_ecumenical_oubliette, serial_bayou,
          serial_bayou_pond_d, serial_bayou_lagoon_a, serial_bayou_crossing,
          serial_bayou_pond_a, uniq_crazy_yiuf_cottage, uniq_natasha, uniq_robin
D:3:      layout_rooms, gup_sewer_entry_pipe, item_on_display_a
D:4:      layout_loops_ring, tgw_sif, serial_shops, shop, dk_noncrumbling_3,
          uniq_menkaure
D:5:      nicolae_BIG_FREAKIN_CUBE, layout_cave_pools, serial_shops,
          nicolae_stop_n_shop_1
D:6:      lemuel_slime, layout_cave_pools, lemuel_coloured_pillars_altar
D:7:      layout_gridville, temple_pool_b, uniq_joseph
D:8:      layout_cave_pools, fedhas_altar_2, lemuel_doored_altar,
          chequers_big_river
D:9:      layout_rooms
D:10:     layout_basic, tgw_trog, uniq_lodul, uniq_nergalle, uniq_urug
D:11:     layout_layer_cave, minmay_lair_entry_grove, erik_orc_4,
          corexii_checkpoint_a, minmay_misc_feat_iff, uniq_maurice
D:12:     layout_rooms, reono_crystal_passage, minmay_misc_feat_rugged,
          minmay_strange_pillars
D:13:     layout_loops_cross, serial_shops, nicolae_square_shop,
          kennysheep_generic_room_15
D:14:     layout_gridville, grunt_vaults_entry_fortified, vehumet_crystals
D:15:     grunt_enter_depths_hoard, layout_layer_cave, uniq_rupert
Lair:1:   wander_river, layout_cave_pods, gauntlet_entry_generic,
          beast_lair_carwin_2
Lair:2:   layout_roguey, minmay_shoals_entry_hut, spider_nest_entry_webs,
          minivault_25, minmay_stone_trees_small, minmay_stone_trees_medium
Lair:3:   layout_small_grid
Lair:4:   layout_hall_layers, dpeg_slime_entry_enclosed,
          ebering_ghost_disaster_area
Lair:5:   gammafunk_lair_ancient_temple, layout_big_grid, serial_rivers,
          chequers_serial_rivers_micro_d, chequers_serial_rivers_large_a,
          chequers_serial_rivers_room_a, chequers_serial_rivers_micro_b,
          chequers_serial_rivers_small_b, minivault_27,
          chequers_serial_rivers_large_b,
          hellmonk_guarded_unrand_seven_league_boots
Shoals:1: cheibrodos_shoals_three_sisters, layout_shoals,
          nicolae_shoals_this_corrosion
Shoals:2: layout_shoals, nzn_prometheus_bound
Shoals:3: layout_shoals, serial_shops, shop, nicolae_shoals_lost_giant_temple,
          st_shoals_ruin
Shoals:4: shoals_end_grunt_garden, layout_shoals, gammafunk_ghost_cemetery
Spider:1: layout_chambers, gammafunk_ghost_necromancy,
          portal_ice_cave_entry_pillars_2, hangedman_spider_trapstep
Spider:2: layout_spider_delve, uniq_arachne
Spider:3: layout_spider_delve, drop_trap, hangedman_spider_tarantella_strand,
          nicolae_spider_cling_halls, uniq_donald
Spider:4: guppyfry_spider_rune
Orc:1:    layout_caves, serial_shops, shop, basic_altar, mines2_david,
          uniq_jorgrun, uniq_josephine
Orc:2:    st_orc_ogre_mass, layout_caves, mines1_david
Vaults:1: grunt_vaults_hallway_long, grunt_vaults_trifunnel,
          nicolae_vaults_murderbox, nicolae_vaults_angled_halls,
          vaults_room_pools, nicolae_vaults_little_ls, layout_vaults_omnigrid,
          serial_shops, nicolae_lakefront_shop
Vaults:2: nicolae_vaults_ninety_degrees, v_pattern_4, v_misc_27,
          minmay_crypt_entry_skeletal_spiral, hangedman_vaults_maws,
          v_alt_pattern_3, st_more_cells, ontoclasm_vaults_ring_square,
          dpeg_vaults_monster_box, v_misc_15, layout_vaults_big_cross,
          serial_shops, nicolae_lakefront_shop
Vaults:3: vaults_room_stairs_pillars, v_rooms_3, v_misc_9,
          grunt_vaults_hallway_short, grunt_vaults_funnel,
          nicolae_vaults_rhombus_6, layout_vaults_big_room, serial_shops,
          bzr_entry_gold
Vaults:4: gammafunk_ghost_crypt, hangedman_vaults_stream, v_misc_5,
          ontoclasm_vaults_fault, hangedman_vaults_nodes, vaults_room_corners,
          nicolae_vaults_yaktaur_gun_rack, nicolae_vaults_little_squares_5,
          grunt_vaults_focal, nicolae_vaults_mini_display_case,
          ontoclasm_vaults_loading_screen, layout_vaults_ring, serial_shops,
          shop, enter_trove_5
Vaults:5: serial_shops
Depths:1: layout_cross, abyss_entry, grunt_hell_entry_dis_mu,
          corexii_hall_statues_i, nicolae_wwwww, hangedman_stitches_earthworm
Depths:2: minmay_mutant_horseshoe, layout_gridlike, hell_entry,
          rand_demon_pan_entry_8, tso_oasis_becter
Depths:3: hangedman_crystal_crosses_colossus [crystal_crosses_arms_four,
          crystal_crosses_arms_two, crystal_crosses_arms_two,
          crystal_crosses_arms_one], abyss_entry, hell_entry
Depths:4: grunt_zot_entry_hairpin, layout_gridlike, enter_ziggurat_c,
          minmay_misc_feat_square, hell_entry, uniq_sojobo
Zot:1:    layout_gridlike, gammafunk_ghost_abyssal_escape, grunt_ministairs_6,
          uniq_parghit
Zot:2:    layout_gridlike, grunt_megastairs_3
Zot:3:    layout_misc_corridors, st_large_dragon_hoard_2
Zot:4:    layout_cellular_growth, lemuel_elevator
Zot:5:    layout_basic

Skill      XL: |  1  2  3  4  5  6  7  8  9 10 11 12 13 14 15 16 17 18 19 20 21 22 23 24 |
---------------+-------------------------------------------------------------------------+-----
Axes           | 4 6 8 9 12 13 16 17 18 20 | 20.0
Throwing       | 1 4 5 6 7 8 9 13 14 15 | 15.0
Fighting       | 4 5 7 8 9 10 13 15 17 18 20 21 22 23 25 26 | 26.9
Shields        | 3 4 5 6 8 13 15 16 17 18 19 20 | 20.0
Armour         | 3 4 6 7 8 9 10 12 15 18 21 22 24 25 26 27 | 27.0
Dodging        | 3 4 6 8 9 11 12 13 15 16 17 | 17.0
Evocations     | 4 |  4.2

Action                   |  1- 3 |  4- 6 |  7- 9 | 10-12 | 13-15 | 16-18 | 19-21 | 22-24 || total
-------------------------+-------+-------+-------+-------+-------+-------+-------+-------++-------
Melee: Hand axe          |    63 |   151 |   290 |    64 |       |       |       |       ||   568
       Headbutt          |     7 |    26 |    69 |    96 |   209 |   345 |   468 |   364 ||  1584
       Broad axe         |       |       |       |   424 |    20 |       |       |   748 ||  1192
       Flail             |       |       |       |     2 |    23 |       |       |       ||    25
       War axe           |       |       |       |       |   755 |  1173 |  1398 |   282 ||  3608
Throw: Javelin           |    13 |    16 |       |    73 |   107 |    23 |    37 |    78 ||   347
       Boomerang         |       |       |       |    19 |   111 |   137 |    62 |       ||   329
Invok: Berserk           |     2 |     4 |    18 |    23 |    35 |    24 |    28 |    40 ||   174
       Brothers in Arms  |       |       |       |     2 |     6 |    17 |    14 |     3 ||    42
       Trog's Hand       |       |       |       |     1 |     5 |     9 |    10 |    14 ||    39
  Use: Scroll            |     5 |     5 |     7 |     5 |     7 |     8 |     4 |    19 ||    60
       Potion            |     1 |     2 |     3 |     3 |     2 |     7 |     2 |    12 ||    32
 Stab: Distracted        |       |       |       |     1 |     1 |     2 |     3 |       ||     7
       Invisible         |       |       |       |       |       |    27 |    29 |     6 ||    62
       Petrified         |       |       |       |       |       |       |     4 |       ||     4
       Confused          |       |       |       |       |       |       |       |     1 ||     1
Armor: Animal skin       |     6 |     1 |       |       |       |       |       |       ||     7
       Ring mail         |       |    41 |    24 |       |       |       |       |       ||    65
       Chain mail        |       |       |    55 |    29 |   189 |       |       |       ||   273
       Plate armour      |       |       |    22 |   115 |    14 |    79 |       |       ||   230
       Crystal plate arm |       |       |       |       |       |   324 |   379 |   215 ||   918
       Gold dragon scale |       |       |       |       |       |       |       |   233 ||   233
Dodge: Dodged            |    30 |    70 |   126 |   106 |   218 |   520 |   527 |   570 ||  2167
Block: Buckler           |       |     1 |    48 |    99 |    13 |       |       |       ||   161
       Kite shield       |       |       |       |       |   561 |  1156 |  1184 |  1028 ||  3929
       Reflection        |       |       |       |       |    39 |    98 |    70 |    31 ||   238

Table legend:
 A = Non-vault XP
 B = Vault XP
 C = Vault XP percentage of total XP
 D = Non-vault monster count
 E = Vault monster count
 F = Vault count percentage of total count
                 A         B        C        D         E       F
            +---------+---------+-------+---------+---------+-------
      Total |  579517 |  469721 |  44.8 |    1159 |     665 |  36.5
            +---------+---------+-------+---------+---------+-------
        D:1 |      37 |       0 |   0.0 |      22 |       0 |   0.0
        D:2 |     103 |      71 |  40.8 |      18 |      14 |  43.8
        D:3 |      79 |      12 |  13.2 |      21 |       6 |  22.2
        D:4 |     343 |     175 |  33.8 |      20 |       1 |   4.8
        D:5 |     373 |       0 |   0.0 |       8 |       0 |   0.0
        D:6 |     517 |     741 |  58.9 |      19 |      24 |  55.8
        D:7 |    1540 |     475 |  23.6 |      23 |       1 |   4.2
        D:8 |    1432 |       0 |   0.0 |      29 |       0 |   0.0
        D:9 |    1592 |       0 |   0.0 |      16 |       0 |   0.0
       D:10 |    3190 |    3175 |  49.9 |      22 |      15 |  40.5
       D:11 |    6035 |    3881 |  39.1 |      34 |      32 |  48.5
       D:12 |    5468 |       0 |   0.0 |      16 |       0 |   0.0
       D:13 |    5933 |     574 |   8.8 |      10 |       1 |   9.1
       D:14 |   14066 |    5489 |  28.1 |      30 |      10 |  25.0
       D:15 |   12368 |    3649 |  22.8 |      21 |       3 |  12.5
     Lair:1 |    1568 |     823 |  34.4 |       7 |       4 |  36.4
     Lair:2 |    5338 |     805 |  13.1 |      18 |       4 |  18.2
     Lair:3 |    8702 |       0 |   0.0 |      38 |       0 |   0.0
     Lair:4 |    3069 |       0 |   0.0 |      12 |       0 |   0.0
     Lair:5 |    8989 |    9758 |  52.1 |      32 |      23 |  41.8
   Shoals:1 |   10320 |   10403 |  50.2 |      19 |      15 |  44.1
   Shoals:2 |   15419 |    1881 |  10.9 |      32 |       3 |   8.6
   Shoals:3 |    8011 |    4865 |  37.8 |      14 |       8 |  36.4
   Shoals:4 |   16097 |   18094 |  52.9 |      35 |      29 |  45.3
   Spider:1 |   20574 |    2612 |  11.3 |      57 |       6 |   9.5
   Spider:2 |    5480 |    2362 |  30.1 |      14 |       2 |  12.5
   Spider:3 |   20119 |    1653 |   7.6 |      34 |       2 |   5.6
   Spider:4 |   17789 |   18830 |  51.4 |      43 |      33 |  43.4
      Orc:1 |    5008 |    3654 |  42.2 |      53 |      13 |  19.7
      Orc:2 |     962 |   15832 |  94.3 |      26 |      37 |  58.7
   Vaults:1 |   39227 |    6621 |  14.4 |      55 |      14 |  20.3
   Vaults:2 |   18100 |   38118 |  67.8 |      24 |      49 |  67.1
   Vaults:3 |   19376 |   13581 |  41.2 |      29 |      18 |  38.3
   Vaults:4 |   24816 |   45659 |  64.8 |      33 |      56 |  62.9
   Vaults:5 |   21606 |   96401 |  81.7 |      32 |      77 |  70.6
   Depths:1 |   20425 |   10793 |  34.6 |      24 |      15 |  38.5
   Depths:2 |   27680 |    7041 |  20.3 |      34 |       5 |  12.8
   Depths:3 |       0 |   59659 | 100.0 |       0 |      55 | 100.0
   Depths:4 |   16616 |   21738 |  56.7 |      18 |      18 |  50.0
      Zot:1 |   39626 |    9315 |  19.0 |      39 |       7 |  15.2
      Zot:2 |   20336 |    3690 |  15.4 |      17 |       2 |  10.5
      Zot:3 |   37778 |   18659 |  33.1 |      31 |      12 |  27.9
      Zot:4 |   51972 |    2338 |   4.3 |      45 |       1 |   2.2
      Zot:5 |   41438 |   22052 |  34.7 |      35 |      11 |  23.9
      Sewer |       0 |     271 | 100.0 |       0 |      26 | 100.0
   Gauntlet |       0 |    3971 | 100.0 |       0 |      13 | 100.0
            +---------+---------+-------+---------+---------+-------
